Workbook
Name LANGUE_FR_ENG: 'Page Titre'!$C$1

Sheet Page Titre
B1: Language | C1: Fr
A35: =IF(EXACT('Page Titre'!LANGUE_FR_ENG,"Fr"),MatchTrad!A2,MatchTrad!B2) -> Divulgation
A39: =IF(EXACT('Page Titre'!LANGUE_FR_ENG,"Fr"),MatchTrad!A3,MatchTrad!B3) -> Ratio structurel de liquidité à long terme (NSFR)
B43: 1er Janvier 2027 (January 1, 2027)

Sheet Attestation
G5: =IF(EXACT('Page Titre'!LANGUE_FR_ENG,"Fr"),MatchTrad!A645,MatchTrad!B645) -> Confidentiel
A6: =IF(EXACT('Page Titre'!LANGUE_FR_ENG,"Fr"),MatchTrad!A646,MatchTrad!B646) -> Ligne directrice sur les normes relatives à la suffisance des liquidités (LDSL)
A8: =IF(EXACT('Page Titre'!LANGUE_FR_ENG,"Fr"),MatchTrad!A647,MatchTrad!B647) -> Ratio stucturel de liquidité à long terme (NSFR)
A9: =IF(EXACT('Page Titre'!LANGUE_FR_ENG,"Fr"),MatchTrad!A648,MatchTrad!B648) -> Attestation d'assurance
A11: =IF(EXACT('Page Titre'!LANGUE_FR_ENG,"Fr"),MatchTrad!A649,MatchTrad!B649) -> Identification
A12: =IF(EXACT('Page Titre'!LANGUE_FR_ENG,"Fr"),MatchTrad!A650,MatchTrad!B650) -> Nom de l'institution financière :
A14: =IF(EXACT('Page Titre'!LANGUE_FR_ENG,"Fr"),MatchTrad!A651,MatchTrad!B651) -> Date de fin de période :
A16: =IF(EXACT('Page Titre'!LANGUE_FR_ENG,"Fr"),MatchTrad!A652,MatchTrad!B652) -> Personne ressource :
A17: =IF(EXACT('Page Titre'!LANGUE_FR_ENG,"Fr"),MatchTrad!A653,MatchTrad!B653) -> Nom :
A19: =IF(EXACT('Page Titre'!LANGUE_FR_ENG,"Fr"),MatchTrad!A654,MatchTrad!B654) -> Fonction :
A21: =IF(EXACT('Page Titre'!LANGUE_FR_ENG,"Fr"),MatchTrad!A655,MatchTrad!B655) -> Téléphone : | F21: =IF(EXACT('Page Titre'!LANGUE_FR_ENG,"Fr"),MatchTrad!A656,MatchTrad!B656) -> Poste :
A23: =IF(EXACT('Page Titre'!LANGUE_FR_ENG,"Fr"),MatchTrad!A657,MatchTrad!B657) -> Courriel :
A25: =IF(EXACT('Page Titre'!LANGUE_FR_ENG,"Fr"),MatchTrad!A658,MatchTrad!B658) -> Attestation du représentant désigné
A27: =IF(EXACT('Page Titre'!LANGUE_FR_ENG,"Fr"),MatchTrad!A659,MatchTrad!B659) -> Je confirme avoir lu et compris les chapitres 1 et 6 de la Ligne directrice sur les normes relatives à la suffisance des liquidités ainsi que toute instruction pertinente émise par l'Autorité des marchés financiers (l'« Autorité »), que le formulaire est rempli conformément à ces documents et qu'il est exact et complet.
A30: =IF(EXACT('Page Titre'!LANGUE_FR_ENG,"Fr"),MatchTrad!A660,MatchTrad!B660) -> Nom | F30: =IF(EXACT('Page Titre'!LANGUE_FR_ENG,"Fr"),MatchTrad!A661,MatchTrad!B661) -> Signature
A32: =IF(EXACT('Page Titre'!LANGUE_FR_ENG,"Fr"),MatchTrad!A662,MatchTrad!B662) -> Opinion de l'auditeur interne (à signer au moins une fois tous les trois ans)
A34: =IF(EXACT('Page Titre'!LANGUE_FR_ENG,"Fr"),MatchTrad!A663,MatchTrad!B663) -> J'ai examiné l'efficacité des processus et des contrôles internes en place à l'égard du formulaire NSFR, y compris les systèmes qui s’y rattachent, ainsi que le suivi de la conformité aux modèles applicables à l’institution financière. À mon avis, les processus et les contrôles internes à la date ci-dessous, fonctionnent comme prévu et permettent de garantir l'exhaustivité et l'exactitude du formulaire.
A36: =IF(EXACT('Page Titre'!LANGUE_FR_ENG,"Fr"),MatchTrad!A664,MatchTrad!B664) -> Date de l'audit interne :
A38: =IF(EXACT('Page Titre'!LANGUE_FR_ENG,"Fr"),MatchTrad!A665,MatchTrad!B665) -> Auditeur interne
A41: =IF(EXACT('Page Titre'!LANGUE_FR_ENG,"Fr"),MatchTrad!A666,MatchTrad!B666) -> Nom | F41: =IF(EXACT('Page Titre'!LANGUE_FR_ENG,"Fr"),MatchTrad!A667,MatchTrad!B667) -> Signature
A44: =IF(EXACT('Page Titre'!LANGUE_FR_ENG,"Fr"),MatchTrad!A668,MatchTrad!B668) -> Le représentant désigné de la haute direction de l'institution financière ne doit pas participer directement à la préparation du formulaire NSFR.

Sheet NSFR
A2: =IF(EXACT('Page Titre'!LANGUE_FR_ENG,"Fr"),MatchTrad!A4,MatchTrad!B4) -> Exigences NSFR
A3: =IF(EXACT('Page Titre'!LANGUE_FR_ENG,"Fr"),MatchTrad!A5,MatchTrad!B5) -> (Miliers de dollars canadiens)
B4: =IF(EXACT('Page Titre'!LANGUE_FR_ENG,"Fr"),MatchTrad!A6,MatchTrad!B6) -> Date de divulgation (aaaa-mm-jj) | M4: =IF(EXACT('Page Titre'!LANGUE_FR_ENG,"Fr"),MatchTrad!A7,MatchTrad!B7) -> Légende
M5: =IF(EXACT('Page Titre'!LANGUE_FR_ENG,"Fr"),MatchTrad!A8,MatchTrad!B8) -> Vide | N5: =IF(EXACT('Page Titre'!LANGUE_FR_ENG,"Fr"),MatchTrad!A9,MatchTrad!B9) -> Formule | O5: =IF(EXACT('Page Titre'!LANGUE_FR_ENG,"Fr"),MatchTrad!A10,MatchTrad!B10) -> Saisie | P5: =IF(EXACT('Page Titre'!LANGUE_FR_ENG,"Fr"),MatchTrad!A11,MatchTrad!B11) -> Résultat calculé
A7: =IF(EXACT('Page Titre'!LANGUE_FR_ENG,"Fr"),MatchTrad!A12,MatchTrad!B12) -> Section 1 - Financement stable disponible (ASF) | D7: =IF(EXACT('Page Titre'!LANGUE_FR_ENG,"Fr"),MatchTrad!A14,MatchTrad!B14) -> Montant | H7: =IF(EXACT('Page Titre'!LANGUE_FR_ENG,"Fr"),MatchTrad!A15,MatchTrad!B15) -> Coefficient ASF | L7: =IF(EXACT('Page Titre'!LANGUE_FR_ENG,"Fr"),MatchTrad!A16,MatchTrad!B16) -> ASF calculé
A8: =IF(EXACT('Page Titre'!LANGUE_FR_ENG,"Fr"),MatchTrad!A13,MatchTrad!B13) -> 1.1 Financement stable disponible (ASF) | D8: =IF(EXACT('Page Titre'!LANGUE_FR_ENG,"Fr"),MatchTrad!A17,MatchTrad!B17) -> Sans terme | E8: =IF(EXACT('Page Titre'!LANGUE_FR_ENG,"Fr"),MatchTrad!A18,MatchTrad!B18) -> < 6 mois | F8: =IF(EXACT('Page Titre'!LANGUE_FR_ENG,"Fr"),MatchTrad!A19,MatchTrad!B19) -> >= 6 mois et < 1 an | G8: =IF(EXACT('Page Titre'!LANGUE_FR_ENG,"Fr"),MatchTrad!A20,MatchTrad!B20) -> >= 1 an | H8: =IF(EXACT('Page Titre'!LANGUE_FR_ENG,"Fr"),MatchTrad!A21,MatchTrad!B21) -> Sans terme | I8: =IF(EXACT('Page Titre'!LANGUE_FR_ENG,"Fr"),MatchTrad!A22,MatchTrad!B22) -> < 6 mois | J8: =IF(EXACT('Page Titre'!LANGUE_FR_ENG,"Fr"),MatchTrad!A23,MatchTrad!B23) -> >= 6 mois et < 1 an | K8: =IF(EXACT('Page Titre'!LANGUE_FR_ENG,"Fr"),MatchTrad!A24,MatchTrad!B24) -> >= 1 an | L8: =IF(EXACT('Page Titre'!LANGUE_FR_ENG,"Fr"),MatchTrad!A25,MatchTrad!B25) -> Sans terme | M8: =IF(EXACT('Page Titre'!LANGUE_FR_ENG,"Fr"),MatchTrad!A26,MatchTrad!B26) -> < 6 mois | N8: =IF(EXACT('Page Titre'!LANGUE_FR_ENG,"Fr"),MatchTrad!A27,MatchTrad!B27) -> ≥ 6 mois et < 1 an | O8: =IF(EXACT('Page Titre'!LANGUE_FR_ENG,"Fr"),MatchTrad!A28,MatchTrad!B28) -> >= 1 an | P8: =IF(EXACT('Page Titre'!LANGUE_FR_ENG,"Fr"),MatchTrad!A29,MatchTrad!B29) -> Total ASF
D9: (01) | E9: (02) | F9: (03) | G9: (04) | H9: (05) | I9: (06) | J9: (07) | K9: (08) | L9: (09) | M9: (10) | N9: (11) | O9: (12) | P9: (13)
B10: =IF(EXACT('Page Titre'!LANGUE_FR_ENG,"Fr"),MatchTrad!A30,MatchTrad!B30) -> Fonds propres de catégorie 1 et de catégorie 2 (Bâle III 2022), avant l'application de déductions de fonds propres, à l'exception du pourcentage d'instruments de catégorie 2 à échéance résiduelle de moins d'un an | C10: 1010 | H10: 1 | K10: 1 | L10: =IF(AND(ISNUMBER(D10),ISNUMBER(H10)),D10*H10,"") | O10: =IF(AND(ISNUMBER(G10),ISNUMBER(K10)),G10*K10,"") | P10: =IF(AND(ISNUMBER(L10),ISNUMBER(O10)),L10+O10,"")
B11: =IF(EXACT('Page Titre'!LANGUE_FR_ENG,"Fr"),MatchTrad!A31,MatchTrad!B31) -> Instruments de fonds propres non pris en compte ci-dessus, à échéance résiduelle réelle d'au moins un an | C11: =C10+10 -> 1020 | H11: 1 | K11: 1 | L11: =IF(AND(ISNUMBER(D11),ISNUMBER(H11)),D11*H11,"") | O11: =IF(AND(ISNUMBER(G11),ISNUMBER(K11)),G11*K11,"") | P11: =O11
B12: =IF(EXACT('Page Titre'!LANGUE_FR_ENG,"Fr"),MatchTrad!A32,MatchTrad!B32) -> Dépôts à vue et/ou à terme « stables » (définis dans le LCR) des particuliers et des petites entreprises | C12: =C11+10 -> 1030 | H12: 0.95 | I12: 0.95 | J12: 0.95 | K12: 1 | L12: =IF(AND(ISNUMBER(D12),ISNUMBER(H12)),D12*H12,"") | M12: =IF(AND(ISNUMBER(E12),ISNUMBER(I12)),E12*I12,"") | N12: =IF(AND(ISNUMBER(F12),ISNUMBER(J12)),F12*J12,"") | O12: =IF(AND(ISNUMBER(G12),ISNUMBER(K12)),G12*K12,"") | P12: =IF(AND(ISNUMBER(L12),ISNUMBER(M12),ISNUMBER(N12),ISNUMBER(O12)),SUM(L12:O12),"")
B13: =IF(EXACT('Page Titre'!LANGUE_FR_ENG,"Fr"),MatchTrad!A33,MatchTrad!B33) -> Dépôts à vue et/ou à terme « moins stables » (définis dans le LCR) des particuliers et des petites entreprises, dont : | C13: =C12+10 -> 1040 | D13: =SUM(D14:D19,D21:D22) -> 0 | E13: =SUM(E14:E17,E20,E22) -> 0 | F13: =SUM(F14:F17,F22) -> 0 | G13: =SUM(G14:G17,G22) -> 0
B14: =IF(EXACT('Page Titre'!LANGUE_FR_ENG,"Fr"),MatchTrad!A34,MatchTrad!B34) -> Assurés – sans relation durable et compte qui n’est pas un compte transactionnel | C14: =C13+10 -> 1050 | H14: 0.9 | I14: 0.9 | J14: 0.9 | K14: 1 | L14: =IF(AND(ISNUMBER(D14),ISNUMBER(H14)),D14*H14,"") | M14: =IF(AND(ISNUMBER(E14),ISNUMBER(I14)),E14*I14,"") | N14: =IF(AND(ISNUMBER(F14),ISNUMBER(J14)),F14*J14,"") | O14: =IF(AND(ISNUMBER(G14),ISNUMBER(K14)),G14*K14,"") | P14: =IF(AND(ISNUMBER(L14),ISNUMBER(M14),ISNUMBER(N14),ISNUMBER(O14)),SUM(L14:O14),"")
B15: =IF(EXACT('Page Titre'!LANGUE_FR_ENG,"Fr"),MatchTrad!A35,MatchTrad!B35) -> Assurés – dépôts provenant de fonds et de fiducies contrôlés par le client de détail | C15: =C14+10 -> 1060 | H15: 0.9 | I15: 0.9 | J15: 0.9 | K15: 1 | L15: =IF(AND(ISNUMBER(D15),ISNUMBER(H15)),D15*H15,"") | M15: =IF(AND(ISNUMBER(E15),ISNUMBER(I15)),E15*I15,"") | N15: =IF(AND(ISNUMBER(F15),ISNUMBER(J15)),F15*J15,"") | O15: =IF(AND(ISNUMBER(G15),ISNUMBER(K15)),G15*K15,"") | P15: =IF(AND(ISNUMBER(L15),ISNUMBER(M15),ISNUMBER(N15),ISNUMBER(O15)),SUM(L15:O15),"")
B16: =IF(EXACT('Page Titre'!LANGUE_FR_ENG,"Fr"),MatchTrad!A36,MatchTrad!B36) -> Dépôts provenant du pays d’attache mais libellés en devises | C16: =C15+10 -> 1070 | H16: 0.9 | I16: 0.9 | J16: 0.9 | K16: 1 | L16: =IF(AND(ISNUMBER(D16),ISNUMBER(H16)),D16*H16,"") | M16: =IF(AND(ISNUMBER(E16),ISNUMBER(I16)),E16*I16,"") | N16: =IF(AND(ISNUMBER(F16),ISNUMBER(J16)),F16*J16,"") | O16: =IF(AND(ISNUMBER(G16),ISNUMBER(K16)),G16*K16,"") | P16: =IF(AND(ISNUMBER(L16),ISNUMBER(M16),ISNUMBER(N16),ISNUMBER(O16)),SUM(L16:O16),"")
B17: =IF(EXACT('Page Titre'!LANGUE_FR_ENG,"Fr"),MatchTrad!A37,MatchTrad!B37) -> Dépôts non assurés | C17: =C16+10 -> 1080 | H17: 0.9 | I17: 0.9 | J17: 0.9 | K17: 1 | L17: =IF(AND(ISNUMBER(D17),ISNUMBER(H17)),D17*H17,"") | M17: =IF(AND(ISNUMBER(E17),ISNUMBER(I17)),E17*I17,"") | N17: =IF(AND(ISNUMBER(F17),ISNUMBER(J17)),F17*J17,"") | O17: =IF(AND(ISNUMBER(G17),ISNUMBER(K17)),G17*K17,"") | P17: =IF(AND(ISNUMBER(L17),ISNUMBER(M17),ISNUMBER(N17),ISNUMBER(O17)),SUM(L17:O17),"")
B18: =IF(EXACT('Page Titre'!LANGUE_FR_ENG,"Fr"),MatchTrad!A38,MatchTrad!B38) -> Dépôts sensibles aux taux d'intérêt directement gérés par le client – relation durable ou dépôt dans un compte transactionnel | C18: =C17+10 -> 1090 | H18: 0.9 | L18: =IF(AND(ISNUMBER(D18),ISNUMBER(H18)),D18*H18,"") | P18: =IF(ISNUMBER(L18),L18,"")
B19: =IF(EXACT('Page Titre'!LANGUE_FR_ENG,"Fr"),MatchTrad!A39,MatchTrad!B39) -> Dépôts sensibles aux taux d'intérêt directement gérés par le client – sans relation durable et dépôt dans un compte autre que transactionnel | C19: =C18+10 -> 1100 | H19: 0.8 | L19: =IF(AND(ISNUMBER(D19),ISNUMBER(H19)),D19*H19,"") | P19: =IF(ISNUMBER(L19),L19,"")
B20: =IF(EXACT('Page Titre'!LANGUE_FR_ENG,"Fr"),MatchTrad!A40,MatchTrad!B40) -> Dépôts à terme gérés par un tiers non affilié venant à échéance ou encaissables dans les 30 prochains jours | C20: =C19+10 -> 1110 | I20: 0.7 | M20: =IF(AND(ISNUMBER(E20),ISNUMBER(I20)),E20*I20,"") | P20: =IF(ISNUMBER(M20),M20,"")
B21: =IF(EXACT('Page Titre'!LANGUE_FR_ENG,"Fr"),MatchTrad!A41,MatchTrad!B41) -> Dépôts à vue gérés par un tiers non affilié | C21: =C20+10 -> 1120 | H21: 0.6 | L21: =IF(AND(ISNUMBER(D21),ISNUMBER(H21)),D21*H21,"") | P21: =IF(ISNUMBER(L21),L21,"")
B22: =IF(EXACT('Page Titre'!LANGUE_FR_ENG,"Fr"),MatchTrad!A42,MatchTrad!B42) -> Dépôts soumis aux exigences de l'administration d'accueil | C22: =C21+10 -> 1130 | P22: =IF(AND(ISNUMBER(L22),ISNUMBER(M22),ISNUMBER(N22),ISNUMBER(O22)),SUM(L22:O22),"")
B23: =IF(EXACT('Page Titre'!LANGUE_FR_ENG,"Fr"),MatchTrad!A43,MatchTrad!B43) -> Financement non garanti provenant d’entreprises non financières | C23: =C22+10 -> 1140
B24: =IF(EXACT('Page Titre'!LANGUE_FR_ENG,"Fr"),MatchTrad!A44,MatchTrad!B44) -> Dépôt opérationnel (défini dans le périmètre du LCR) | C24: =C23+10 -> 1150 | H24: 0.5 | I24: 0.5 | J24: 0.5 | K24: 1 | L24: =IF(AND(ISNUMBER(D24),ISNUMBER(H24)),D24*H24,"") | M24: =IF(AND(ISNUMBER(E24),ISNUMBER(I24)),E24*I24,"") | N24: =IF(AND(ISNUMBER(F24),ISNUMBER(J24)),F24*J24,"") | O24: =IF(AND(ISNUMBER(G24),ISNUMBER(K24)),G24*K24,"") | P24: =IF(AND(ISNUMBER(L24),ISNUMBER(M24),ISNUMBER(N24),ISNUMBER(O24)),SUM(L24:O24),"")
B25: =IF(EXACT('Page Titre'!LANGUE_FR_ENG,"Fr"),MatchTrad!A45,MatchTrad!B45) -> Dépôt non opérationnel (défini dans le périmètre du LCR) | C25: =C24+10 -> 1160 | H25: 0.5 | I25: 0.5 | J25: 0.5 | K25: 1 | L25: =IF(AND(ISNUMBER(D25),ISNUMBER(H25)),D25*H25,"") | M25: =IF(AND(ISNUMBER(E25),ISNUMBER(I25)),E25*I25,"") | N25: =IF(AND(ISNUMBER(F25),ISNUMBER(J25)),F25*J25,"") | O25: =IF(AND(ISNUMBER(G25),ISNUMBER(K25)),G25*K25,"") | P25: =IF(AND(ISNUMBER(L25),ISNUMBER(M25),ISNUMBER(N25),ISNUMBER(O25)),SUM(L25:O25),"")
B26: =IF(EXACT('Page Titre'!LANGUE_FR_ENG,"Fr"),MatchTrad!A46,MatchTrad!B46) -> Fonds non garantis autres que des dépôts | C26: =C25+10 -> 1170 | H26: 0.5 | I26: 0.5 | J26: 0.5 | K26: 1 | L26: =IF(AND(ISNUMBER(D26),ISNUMBER(H26)),D26*H26,"") | M26: =IF(AND(ISNUMBER(E26),ISNUMBER(I26)),E26*I26,"") | N26: =IF(AND(ISNUMBER(F26),ISNUMBER(J26)),F26*J26,"") | O26: =IF(AND(ISNUMBER(G26),ISNUMBER(K26)),G26*K26,"") | P26: =IF(AND(ISNUMBER(L26),ISNUMBER(M26),ISNUMBER(N26),ISNUMBER(O26)),SUM(L26:O26),"")
B27: =IF(EXACT('Page Titre'!LANGUE_FR_ENG,"Fr"),MatchTrad!A47,MatchTrad!B47) -> Financement non garanti provenant de banques centrales | C27: =C26+10 -> 1180
B28: =IF(EXACT('Page Titre'!LANGUE_FR_ENG,"Fr"),MatchTrad!A48,MatchTrad!B48) -> Dépôt opérationnel (défini dans le périmètre du LCR) | C28: =C27+10 -> 1190 | H28: 0.5 | I28: 0.5 | J28: 0.5 | K28: 1 | L28: =IF(AND(ISNUMBER(D28),ISNUMBER(H28)),D28*H28,"") | M28: =IF(AND(ISNUMBER(E28),ISNUMBER(I28)),E28*I28,"") | N28: =IF(AND(ISNUMBER(F28),ISNUMBER(J28)),F28*J28,"") | O28: =IF(AND(ISNUMBER(G28),ISNUMBER(K28)),G28*K28,"") | P28: =IF(AND(ISNUMBER(L28),ISNUMBER(M28),ISNUMBER(N28),ISNUMBER(O28)),SUM(L28:O28),"")
B29: =IF(EXACT('Page Titre'!LANGUE_FR_ENG,"Fr"),MatchTrad!A49,MatchTrad!B49) -> Dépôt non opérationnel (défini dans le périmètre du LCR) | C29: =C28+10 -> 1200 | H29: 0 | I29: 0 | J29: 0.5 | K29: 1 | L29: =IF(AND(ISNUMBER(D29),ISNUMBER(H29)),D29*H29,"") | M29: =IF(AND(ISNUMBER(E29),ISNUMBER(I29)),E29*I29,"") | N29: =IF(AND(ISNUMBER(F29),ISNUMBER(J29)),F29*J29,"") | O29: =IF(AND(ISNUMBER(G29),ISNUMBER(K29)),G29*K29,"") | P29: =IF(AND(ISNUMBER(L29),ISNUMBER(M29),ISNUMBER(N29),ISNUMBER(O29)),SUM(L29:O29),"")
B30: =IF(EXACT('Page Titre'!LANGUE_FR_ENG,"Fr"),MatchTrad!A50,MatchTrad!B50) -> Fonds non garantis autres que des dépôts | C30: =C29+10 -> 1210 | H30: 0 | I30: 0 | J30: 0.5 | K30: 1 | L30: =IF(AND(ISNUMBER(D30),ISNUMBER(H30)),D30*H30,"") | M30: =IF(AND(ISNUMBER(E30),ISNUMBER(I30)),E30*I30,"") | N30: =IF(AND(ISNUMBER(F30),ISNUMBER(J30)),F30*J30,"") | O30: =IF(AND(ISNUMBER(G30),ISNUMBER(K30)),G30*K30,"") | P30: =IF(AND(ISNUMBER(L30),ISNUMBER(M30),ISNUMBER(N30),ISNUMBER(O30)),SUM(L30:O30),"")
B31: =IF(EXACT('Page Titre'!LANGUE_FR_ENG,"Fr"),MatchTrad!A51,MatchTrad!B51) -> Financement non garanti provenant d'États souverains/OP/BMD/BND | C31: =C30+10 -> 1220
B32: =IF(EXACT('Page Titre'!LANGUE_FR_ENG,"Fr"),MatchTrad!A52,MatchTrad!B52) -> Dépôt opérationnel (défini dans le périmètre du LCR) | C32: =C31+10 -> 1230 | H32: 0.5 | I32: 0.5 | J32: 0.5 | K32: 1 | L32: =IF(AND(ISNUMBER(D32),ISNUMBER(H32)),D32*H32,"") | M32: =IF(AND(ISNUMBER(E32),ISNUMBER(I32)),E32*I32,"") | N32: =IF(AND(ISNUMBER(F32),ISNUMBER(J32)),F32*J32,"") | O32: =IF(AND(ISNUMBER(G32),ISNUMBER(K32)),G32*K32,"") | P32: =IF(AND(ISNUMBER(L32),ISNUMBER(M32),ISNUMBER(N32),ISNUMBER(O32)),SUM(L32:O32),"")
B33: =IF(EXACT('Page Titre'!LANGUE_FR_ENG,"Fr"),MatchTrad!A53,MatchTrad!B53) -> Dépôt non opérationnel (défini dans le périmètre du LCR) | C33: =C32+10 -> 1240 | H33: 0.5 | I33: 0.5 | J33: 0.5 | K33: 1 | L33: =IF(AND(ISNUMBER(D33),ISNUMBER(H33)),D33*H33,"") | M33: =IF(AND(ISNUMBER(E33),ISNUMBER(I33)),E33*I33,"") | N33: =IF(AND(ISNUMBER(F33),ISNUMBER(J33)),F33*J33,"") | O33: =IF(AND(ISNUMBER(G33),ISNUMBER(K33)),G33*K33,"") | P33: =IF(AND(ISNUMBER(L33),ISNUMBER(M33),ISNUMBER(N33),ISNUMBER(O33)),SUM(L33:O33),"")
B34: =IF(EXACT('Page Titre'!LANGUE_FR_ENG,"Fr"),MatchTrad!A54,MatchTrad!B54) -> Fonds non garantis autres que des dépôts | C34: =C33+10 -> 1250 | H34: 0.5 | I34: 0.5 | J34: 0.5 | K34: 1 | L34: =IF(AND(ISNUMBER(D34),ISNUMBER(H34)),D34*H34,"") | M34: =IF(AND(ISNUMBER(E34),ISNUMBER(I34)),E34*I34,"") | N34: =IF(AND(ISNUMBER(F34),ISNUMBER(J34)),F34*J34,"") | O34: =IF(AND(ISNUMBER(G34),ISNUMBER(K34)),G34*K34,"") | P34: =IF(AND(ISNUMBER(L34),ISNUMBER(M34),ISNUMBER(N34),ISNUMBER(O34)),SUM(L34:O34),"")
B35: =IF(EXACT('Page Titre'!LANGUE_FR_ENG,"Fr"),MatchTrad!A55,MatchTrad!B55) -> Financement non garanti provenant d'autres entités juridiques (y compris des sociétés financières et des institutions financières) | C35: =C34+10 -> 1260
B36: =IF(EXACT('Page Titre'!LANGUE_FR_ENG,"Fr"),MatchTrad!A56,MatchTrad!B56) -> Dépôt opérationnel (défini dans le périmètre du LCR) | C36: =C35+10 -> 1270 | H36: 0.5 | I36: 0.5 | J36: 0.5 | K36: 1 | L36: =IF(AND(ISNUMBER(D36),ISNUMBER(H36)),D36*H36,"") | M36: =IF(AND(ISNUMBER(E36),ISNUMBER(I36)),E36*I36,"") | N36: =IF(AND(ISNUMBER(F36),ISNUMBER(J36)),F36*J36,"") | O36: =IF(AND(ISNUMBER(G36),ISNUMBER(K36)),G36*K36,"") | P36: =IF(AND(ISNUMBER(L36),ISNUMBER(M36),ISNUMBER(N36),ISNUMBER(O36)),SUM(L36:O36),"")
B37: =IF(EXACT('Page Titre'!LANGUE_FR_ENG,"Fr"),MatchTrad!A57,MatchTrad!B57) -> Dépôt non opérationnel (défini dans le périmètre du LCR) | C37: =C36+10 -> 1280 | H37: 0 | I37: 0 | J37: 0.5 | K37: 1 | L37: =IF(AND(ISNUMBER(D37),ISNUMBER(H37)),D37*H37,"") | M37: =IF(AND(ISNUMBER(E37),ISNUMBER(I37)),E37*I37,"") | N37: =IF(AND(ISNUMBER(F37),ISNUMBER(J37)),F37*J37,"") | O37: =IF(AND(ISNUMBER(G37),ISNUMBER(K37)),G37*K37,"") | P37: =IF(AND(ISNUMBER(L37),ISNUMBER(M37),ISNUMBER(N37),ISNUMBER(O37)),SUM(L37:O37),"")
B38: =IF(EXACT('Page Titre'!LANGUE_FR_ENG,"Fr"),MatchTrad!A58,MatchTrad!B58) -> Fonds non garantis autres que des dépôts | C38: =C37+10 -> 1290 | H38: 0 | I38: 0 | J38: 0.5 | K38: 1 | L38: =IF(AND(ISNUMBER(D38),ISNUMBER(H38)),D38*H38,"") | M38: =IF(AND(ISNUMBER(E38),ISNUMBER(I38)),E38*I38,"") | N38: =IF(AND(ISNUMBER(F38),ISNUMBER(J38)),F38*J38,"") | O38: =IF(AND(ISNUMBER(G38),ISNUMBER(K38)),G38*K38,"") | P38: =IF(AND(ISNUMBER(L38),ISNUMBER(M38),ISNUMBER(N38),ISNUMBER(O38)),SUM(L38:O38),"")
B39: =IF(EXACT('Page Titre'!LANGUE_FR_ENG,"Fr"),MatchTrad!A59,MatchTrad!B59) -> Dépôts provenant de membres d'une même coopérative à l'intérieur d'une fédération sousmise à la discrétion nationale énoncée au paragraphe 25 (a). | C39: =C38+10 -> 1300 | H39: 0 | I39: 0 | J39: 0.5 | K39: 1 | L39: =IF(AND(ISNUMBER(D39),ISNUMBER(H39)),D39*H39,"") | M39: =IF(AND(ISNUMBER(E39),ISNUMBER(I39)),E39*I39,"") | N39: =IF(AND(ISNUMBER(F39),ISNUMBER(J39)),F39*J39,"") | O39: =IF(AND(ISNUMBER(G39),ISNUMBER(K39)),G39*K39,"") | P39: =IF(AND(ISNUMBER(L39),ISNUMBER(M39),ISNUMBER(N39),ISNUMBER(O39)),SUM(L39:O39),"")
B40: =IF(EXACT('Page Titre'!LANGUE_FR_ENG,"Fr"),MatchTrad!A60,MatchTrad!B60) -> Autres dépôts provenant de membres d'une coopérative à l'intérieur d'une fédération | C40: =C39+10 -> 1310 | H40: 0 | I40: 0 | J40: 0.5 | K40: 1 | L40: =IF(AND(ISNUMBER(D40),ISNUMBER(H40)),D40*H40,"") | M40: =IF(AND(ISNUMBER(E40),ISNUMBER(I40)),E40*I40,"") | N40: =IF(AND(ISNUMBER(F40),ISNUMBER(J40)),F40*J40,"") | O40: =IF(AND(ISNUMBER(G40),ISNUMBER(K40)),G40*K40,"") | P40: =IF(AND(ISNUMBER(L40),ISNUMBER(M40),ISNUMBER(N40),ISNUMBER(O40)),SUM(L40:O40),"")
B41: =IF(EXACT('Page Titre'!LANGUE_FR_ENG,"Fr"),MatchTrad!A61,MatchTrad!B61) -> Acceptations bancaires estampillées | C41: =C40+10 -> 1320 | I41: 0 | J41: 0.5 | K41: 1 | M41: =IF(AND(ISNUMBER(E41),ISNUMBER(I41)),E41*I41,"") | N41: =IF(AND(ISNUMBER(F41),ISNUMBER(J41)),F41*J41,"") | O41: =IF(AND(ISNUMBER(G41),ISNUMBER(K41)),G41*K41,"") | P41: =IF(AND(ISNUMBER(M41),ISNUMBER(N41),ISNUMBER(O41)),SUM(M41:O41),"")
B42: =IF(EXACT('Page Titre'!LANGUE_FR_ENG,"Fr"),MatchTrad!A62,MatchTrad!B62) -> Emprunts garantis et passifs (y compris les dépôts à terme garantis), provenant de :
B43: =IF(EXACT('Page Titre'!LANGUE_FR_ENG,"Fr"),MatchTrad!A63,MatchTrad!B63) -> Particuliers et petites entreprises | C43: =C41+10 -> 1330 | H43: 0 | I43: 0 | J43: 0.5 | K43: 1 | L43: =IF(AND(ISNUMBER(D43),ISNUMBER(H43)),D43*H43,"") | M43: =IF(AND(ISNUMBER(E43),ISNUMBER(I43)),E43*I43,"") | N43: =IF(AND(ISNUMBER(F43),ISNUMBER(J43)),F43*J43,"") | O43: =IF(AND(ISNUMBER(G43),ISNUMBER(K43)),G43*K43,"") | P43: =IF(AND(ISNUMBER(L43),ISNUMBER(M43),ISNUMBER(N43),ISNUMBER(O43)),SUM(L43:O43),"")
B44: =IF(EXACT('Page Titre'!LANGUE_FR_ENG,"Fr"),MatchTrad!A64,MatchTrad!B64) -> Entreprises non financières | C44: =C43+10 -> 1340 | H44: 0.5 | I44: 0.5 | J44: 0.5 | K44: 1 | L44: =IF(AND(ISNUMBER(D44),ISNUMBER(H44)),D44*H44,"") | M44: =IF(AND(ISNUMBER(E44),ISNUMBER(I44)),E44*I44,"") | N44: =IF(AND(ISNUMBER(F44),ISNUMBER(J44)),F44*J44,"") | O44: =IF(AND(ISNUMBER(G44),ISNUMBER(K44)),G44*K44,"") | P44: =IF(AND(ISNUMBER(L44),ISNUMBER(M44),ISNUMBER(N44),ISNUMBER(O44)),SUM(L44:O44),"")
B45: =IF(EXACT('Page Titre'!LANGUE_FR_ENG,"Fr"),MatchTrad!A65,MatchTrad!B65) -> Banques centrales | C45: =C44+10 -> 1350 | H45: 0 | I45: 0 | J45: 0.5 | K45: 1 | L45: =IF(AND(ISNUMBER(D45),ISNUMBER(H45)),D45*H45,"") | M45: =IF(AND(ISNUMBER(E45),ISNUMBER(I45)),E45*I45,"") | N45: =IF(AND(ISNUMBER(F45),ISNUMBER(J45)),F45*J45,"") | O45: =IF(AND(ISNUMBER(G45),ISNUMBER(K45)),G45*K45,"") | P45: =IF(AND(ISNUMBER(L45),ISNUMBER(M45),ISNUMBER(N45),ISNUMBER(O45)),SUM(L45:O45),"")
B46: =IF(EXACT('Page Titre'!LANGUE_FR_ENG,"Fr"),MatchTrad!A66,MatchTrad!B66) -> États souverains/OP/BMD/BND | C46: =C45+10 -> 1360 | H46: 0.5 | I46: 0.5 | J46: 0.5 | K46: 1 | L46: =IF(AND(ISNUMBER(D46),ISNUMBER(H46)),D46*H46,"") | M46: =IF(AND(ISNUMBER(E46),ISNUMBER(I46)),E46*I46,"") | N46: =IF(AND(ISNUMBER(F46),ISNUMBER(J46)),F46*J46,"") | O46: =IF(AND(ISNUMBER(G46),ISNUMBER(K46)),G46*K46,"") | P46: =IF(AND(ISNUMBER(L46),ISNUMBER(M46),ISNUMBER(N46),ISNUMBER(O46)),SUM(L46:O46),"")
B47: =IF(EXACT('Page Titre'!LANGUE_FR_ENG,"Fr"),MatchTrad!A67,MatchTrad!B67) -> Autres entités juridiques (y compris des sociétés financières et des institutions financières) | C47: =C46+10 -> 1370 | H47: 0 | I47: 0 | J47: 0.5 | K47: 1 | L47: =IF(AND(ISNUMBER(D47),ISNUMBER(H47)),D47*H47,"") | M47: =IF(AND(ISNUMBER(E47),ISNUMBER(I47)),E47*I47,"") | N47: =IF(AND(ISNUMBER(F47),ISNUMBER(J47)),F47*J47,"") | O47: =IF(AND(ISNUMBER(G47),ISNUMBER(K47)),G47*K47,"") | P47: =IF(AND(ISNUMBER(L47),ISNUMBER(M47),ISNUMBER(N47),ISNUMBER(O47)),SUM(L47:O47),"")
B48: =IF(EXACT('Page Titre'!LANGUE_FR_ENG,"Fr"),MatchTrad!A68,MatchTrad!B68) -> Passifs des OFT admissibles au traitement de « portefeuille équilibré » | C48: =C47+10 -> 1380 | H48: 0 | I48: 0 | L48: =IF(AND(ISNUMBER(D48),ISNUMBER(H48)),D48*H48,"") | M48: =IF(AND(ISNUMBER(E48),ISNUMBER(I48)),E48*I48,"") | P48: =IF(AND(ISNUMBER(L48),ISNUMBER(M48)),SUM(L48:M48),"")
B49: =IF(EXACT('Page Titre'!LANGUE_FR_ENG,"Fr"),MatchTrad!A69,MatchTrad!B69) -> Instruments dérivés :
B50: =IF(EXACT('Page Titre'!LANGUE_FR_ENG,"Fr"),MatchTrad!A70,MatchTrad!B70) -> Passifs dérivés, sans la marge de variation donnée | C50: =C48+10 -> 1390
B51: =IF(EXACT('Page Titre'!LANGUE_FR_ENG,"Fr"),MatchTrad!A71,MatchTrad!B71) -> Marge de variation totale fournie | C51: =C50+10 -> 1400
B52: =IF(EXACT('Page Titre'!LANGUE_FR_ENG,"Fr"),MatchTrad!A72,MatchTrad!B72) -> Passifs dérivés du NSFR (passifs dérivés moins sûretés totales données à titre de marge de variation sur les passifs dérivés) | C52: =C51+10 -> 1410 | G52: =IF(AND(ISNUMBER(G50),ISNUMBER(G50)),G50-G51,"") | K52: 0 | O52: =IF(AND(ISNUMBER(G52),ISNUMBER(G201),ISNUMBER(K52)),MAX((G52-G201),0)*K52,"") | P52: =IF(ISNUMBER(O52),O52,"")
B53: =IF(EXACT('Page Titre'!LANGUE_FR_ENG,"Fr"),MatchTrad!A73,MatchTrad!B73) -> Marge initiale totale reçue | C53: =C52+10 -> 1420
B54: =IF(EXACT('Page Titre'!LANGUE_FR_ENG,"Fr"),MatchTrad!A74,MatchTrad!B74) -> Marge initiale reçue sous forme d'espèces | C54: =C53+10 -> 1430
B55: =IF(EXACT('Page Titre'!LANGUE_FR_ENG,"Fr"),MatchTrad!A75,MatchTrad!B75) -> Marge initiale reçue sous forme de titres de niveau 1 | C55: =C54+10 -> 1440
B56: =IF(EXACT('Page Titre'!LANGUE_FR_ENG,"Fr"),MatchTrad!A76,MatchTrad!B76) -> Marge initiale reçue sous forme de toutes les autres sûretés | C56: =C55+10 -> 1450
B57: =IF(EXACT('Page Titre'!LANGUE_FR_ENG,"Fr"),MatchTrad!A77,MatchTrad!B77) -> Marge initiale totale reçue, sous forme de tout type de sûreté, selon l'échéance résiduelle des contrats d'instruments dérivés associés | C57: =C56+10 -> 1460
B58: =IF(EXACT('Page Titre'!LANGUE_FR_ENG,"Fr"),MatchTrad!A78,MatchTrad!B78) -> Autres catégories de passifs et d'avoirs propres
B59: =IF(EXACT('Page Titre'!LANGUE_FR_ENG,"Fr"),MatchTrad!A79,MatchTrad!B79) -> Passifs d'impôts futurs (PIF) | C59: =C57+10 -> 1470 | H59: 0 | I59: 0 | J59: 0.5 | K59: 1 | L59: =IF(AND(ISNUMBER(D59),ISNUMBER(H59)),D59*H59,"") | M59: =IF(AND(ISNUMBER(E59),ISNUMBER(I59)),E59*I59,"") | N59: =IF(AND(ISNUMBER(F59),ISNUMBER(J59)),F59*J59,"") | O59: =IF(AND(ISNUMBER(G59),ISNUMBER(K59)),G59*K59,"") | P59: =IF(AND(ISNUMBER(L59),ISNUMBER(M59),ISNUMBER(N59),ISNUMBER(O59)),SUM(L59:O59),"")
B60: =IF(EXACT('Page Titre'!LANGUE_FR_ENG,"Fr"),MatchTrad!A80,MatchTrad!B80) -> Participations minoritaires | C60: =C59+10 -> 1480 | H60: 0 | I60: 0 | J60: 0.5 | K60: 1 | L60: =IF(AND(ISNUMBER(D60),ISNUMBER(H60)),D60*H60,"") | M60: =IF(AND(ISNUMBER(E60),ISNUMBER(I60)),E60*I60,"") | N60: =IF(AND(ISNUMBER(F60),ISNUMBER(J60)),F60*J60,"") | O60: =IF(AND(ISNUMBER(G60),ISNUMBER(K60)),G60*K60,"") | P60: =IF(AND(ISNUMBER(L60),ISNUMBER(M60),ISNUMBER(N60),ISNUMBER(O60)),SUM(L60:O60),"")
B61: =IF(EXACT('Page Titre'!LANGUE_FR_ENG,"Fr"),MatchTrad!A81,MatchTrad!B81) -> Créditeurs à la date de transaction | C61: =C60+10 -> 1490 | I61: 0 | M61: =IF(AND(ISNUMBER(E61),ISNUMBER(I61)),E61*I61,"") | P61: =IF(ISNUMBER(M61),M61,"")
B62: =IF(EXACT('Page Titre'!LANGUE_FR_ENG,"Fr"),MatchTrad!A82,MatchTrad!B82) -> Passifs interdépendants, dont : | C62: =C61+10 -> 1500 | D62: =D65 -> 0 | E62: =SUM(E63:E65) -> 0 | F62: =SUM(F63:F65) -> 0 | G62: =SUM(G63:G65) -> 0
B63: =IF(EXACT('Page Titre'!LANGUE_FR_ENG,"Fr"),MatchTrad!A83,MatchTrad!B83) -> TH LNH | C63: =C62+10 -> 1510 | I63: 0 | J63: 0 | K63: 0 | M63: =IF(AND(ISNUMBER(E63),ISNUMBER(I63)),E63*I63,"") | N63: =IF(AND(ISNUMBER(F63),ISNUMBER(J63)),F63*J63,"") | O63: =IF(AND(ISNUMBER(G63),ISNUMBER(K63)),G63*K63,"") | P63: =IF(AND(ISNUMBER(M63),ISNUMBER(N63),ISNUMBER(O63)),SUM(M63:O63),"")
B64: =IF(EXACT('Page Titre'!LANGUE_FR_ENG,"Fr"),MatchTrad!A84,MatchTrad!B84) -> Passifs OHC | C64: =C63+10 -> 1520 | I64: 0 | J64: 0 | K64: 0 | M64: =IF(AND(ISNUMBER(E64),ISNUMBER(I64)),E64*I64,"") | N64: =IF(AND(ISNUMBER(F64),ISNUMBER(J64)),F64*J64,"") | O64: =IF(AND(ISNUMBER(G64),ISNUMBER(K64)),G64*K64,"") | P64: =IF(AND(ISNUMBER(M64),ISNUMBER(N64),ISNUMBER(O64)),SUM(M64:O64),"")
B65: =IF(EXACT('Page Titre'!LANGUE_FR_ENG,"Fr"),MatchTrad!A85,MatchTrad!B85) -> Marge de variation reçue d’un client et appliquée au nom du client à une CC | C65: =C64+10 -> 1530 | H65: 0 | I65: 0 | J65: 0 | K65: 0 | L65: =IF(AND(ISNUMBER(D65),ISNUMBER(H65)),D65*H65,"") | M65: =IF(AND(ISNUMBER(E65),ISNUMBER(I65)),E65*I65,"") | N65: =IF(AND(ISNUMBER(F65),ISNUMBER(J65)),F65*J65,"") | O65: =IF(AND(ISNUMBER(G65),ISNUMBER(K65)),G65*K65,"") | P65: =IF(AND(ISNUMBER(L65),ISNUMBER(M65),ISNUMBER(N65),ISNUMBER(O65)),SUM(L65:O65),"")
B66: =IF(EXACT('Page Titre'!LANGUE_FR_ENG,"Fr"),MatchTrad!A86,MatchTrad!B86) -> Toutes les autres catégories de passifs et d'avoirs propres non prises en compte ci-dessus | C66: =C65+10 -> 1540 | H66: 0 | I66: 0 | J66: 0.5 | K66: 1 | L66: =IF(AND(ISNUMBER(D66),ISNUMBER(H66)),D66*H66,"") | M66: =IF(AND(ISNUMBER(E66),ISNUMBER(I66)),E66*I66,"") | N66: =IF(AND(ISNUMBER(F66),ISNUMBER(J66)),F66*J66,"") | O66: =IF(AND(ISNUMBER(G66),ISNUMBER(K66)),G66*K66,"") | P66: =IF(AND(ISNUMBER(L66),ISNUMBER(M66),ISNUMBER(N66),ISNUMBER(O66)),SUM(L66:O66),"")
B68: =IF(EXACT('Page Titre'!LANGUE_FR_ENG,"Fr"),MatchTrad!A88,MatchTrad!B88) -> Autres ASF | D68: =IF(EXACT('Page Titre'!LANGUE_FR_ENG,"Fr"),MatchTrad!A89,MatchTrad!B89) -> Montant | H68: =IF(EXACT('Page Titre'!LANGUE_FR_ENG,"Fr"),MatchTrad!A90,MatchTrad!B90) -> Coefficient ASF | L68: =IF(EXACT('Page Titre'!LANGUE_FR_ENG,"Fr"),MatchTrad!A91,MatchTrad!B91) -> ASF calculé
D69: =IF(EXACT('Page Titre'!LANGUE_FR_ENG,"Fr"),MatchTrad!A92,MatchTrad!B92) -> Sans terme | E69: =IF(EXACT('Page Titre'!LANGUE_FR_ENG,"Fr"),MatchTrad!A93,MatchTrad!B93) -> < 6 mois | F69: =IF(EXACT('Page Titre'!LANGUE_FR_ENG,"Fr"),MatchTrad!A94,MatchTrad!B94) -> >= 6 mois et < 1 an | G69: =IF(EXACT('Page Titre'!LANGUE_FR_ENG,"Fr"),MatchTrad!A95,MatchTrad!B95) -> >= 1 an | H69: =IF(EXACT('Page Titre'!LANGUE_FR_ENG,"Fr"),MatchTrad!A96,MatchTrad!B96) -> Sans terme | I69: =IF(EXACT('Page Titre'!LANGUE_FR_ENG,"Fr"),MatchTrad!A97,MatchTrad!B97) -> < 6 mois | J69: =IF(EXACT('Page Titre'!LANGUE_FR_ENG,"Fr"),MatchTrad!A98,MatchTrad!B98) -> >= 6 mois et < 1 an | K69: =IF(EXACT('Page Titre'!LANGUE_FR_ENG,"Fr"),MatchTrad!A99,MatchTrad!B99) -> >= 1 an | L69: =IF(EXACT('Page Titre'!LANGUE_FR_ENG,"Fr"),MatchTrad!A100,MatchTrad!B100) -> Sans terme | M69: =IF(EXACT('Page Titre'!LANGUE_FR_ENG,"Fr"),MatchTrad!A101,MatchTrad!B101) -> < 6 mois | N69: =IF(EXACT('Page Titre'!LANGUE_FR_ENG,"Fr"),MatchTrad!A102,MatchTrad!B102) -> >= 6 mois et < 1 an | O69: =IF(EXACT('Page Titre'!LANGUE_FR_ENG,"Fr"),MatchTrad!A103,MatchTrad!B103) -> >= 1 an | P69: =IF(EXACT('Page Titre'!LANGUE_FR_ENG,"Fr"),MatchTrad!A104,MatchTrad!B104) -> Total ASF
B70: =IF(EXACT('Page Titre'!LANGUE_FR_ENG,"Fr"),MatchTrad!A105,MatchTrad!B105) -> Dépôts stables issus de partenariats | C70: 1600 | H70: 0.85 | I70: 0 | J70: 0 | K70: 0 | L70: =IF(AND(ISNUMBER(D70),ISNUMBER(H70)),D70*H70,"") | M70: =IF(AND(ISNUMBER(E70),ISNUMBER(I70)),E70*I70,"") | N70: =IF(AND(ISNUMBER(F70),ISNUMBER(J70)),F70*J70,"") | O70: =IF(AND(ISNUMBER(G70),ISNUMBER(K70)),G70*K70,"") | P70: =IF(AND(ISNUMBER(L70),ISNUMBER(M70),ISNUMBER(N70),ISNUMBER(O70)),SUM(L70:O70),"")
B71: =IF(EXACT('Page Titre'!LANGUE_FR_ENG,"Fr"),MatchTrad!A106,MatchTrad!B106) -> Billets structurés de détail non négociables en bourse | C71: 1610 | H71: 0 | I71: 0.7 | J71: 0.7 | K71: 1 | L71: =IF(AND(ISNUMBER(D71),ISNUMBER(H71)),D71*H71,"") | M71: =IF(AND(ISNUMBER(E71),ISNUMBER(I71)),E71*I71,"") | N71: =IF(AND(ISNUMBER(F71),ISNUMBER(J71)),F71*J71,"") | O71: =IF(AND(ISNUMBER(G71),ISNUMBER(K71)),G71*K71,"") | P71: =IF(AND(ISNUMBER(L71),ISNUMBER(M71),ISNUMBER(N71),ISNUMBER(O71)),SUM(L71:O71),"")
B72: =IF(EXACT('Page Titre'!LANGUE_FR_ENG,"Fr"),MatchTrad!A107,MatchTrad!B107) -> Dépôts provenant d'intermédiaires financiers non bancaires assortis de caractéristiques de détail sous-jacentes | C72: 1620 | H72: 0 | I72: 0 | J72: 0 | K72: 0 | L72: =IF(AND(ISNUMBER(D72),ISNUMBER(H72)),D72*H72,"") | M72: =IF(AND(ISNUMBER(E72),ISNUMBER(I72)),E72*I72,"") | N72: =IF(AND(ISNUMBER(F72),ISNUMBER(J72)),F72*J72,"") | O72: =IF(AND(ISNUMBER(G72),ISNUMBER(K72)),G72*K72,"") | P72: =IF(AND(ISNUMBER(L72),ISNUMBER(M72),ISNUMBER(N72),ISNUMBER(O72)),SUM(L72:O72),"")
B74: =IF(EXACT('Page Titre'!LANGUE_FR_ENG,"Fr"),MatchTrad!A87,MatchTrad!B87) -> Total ASF | C74: =C66+10 -> 1550 | P74: =SUM(P10:P12,P14:P22,P24:P26,P28:P30,P32:P34,P36:P41,P43:P47,P48,P52,P59:P61,P63:P66,P70:P72) -> 0
A76: =IF(EXACT('Page Titre'!LANGUE_FR_ENG,"Fr"),MatchTrad!A108,MatchTrad!B108) -> Section 2 - Financement stable requis (RSF) | D76: =IF(EXACT('Page Titre'!LANGUE_FR_ENG,"Fr"),MatchTrad!A110,MatchTrad!B110) -> Montant | H76: =IF(EXACT('Page Titre'!LANGUE_FR_ENG,"Fr"),MatchTrad!A111,MatchTrad!B111) -> Coefficient RSF | L76: =IF(EXACT('Page Titre'!LANGUE_FR_ENG,"Fr"),MatchTrad!A112,MatchTrad!B112) -> RSF calculé
A77: =IF(EXACT('Page Titre'!LANGUE_FR_ENG,"Fr"),MatchTrad!A109,MatchTrad!B109) -> 2.1 Postes au bilan | D77: =IF(EXACT('Page Titre'!LANGUE_FR_ENG,"Fr"),MatchTrad!A113,MatchTrad!B113) -> Sans terme | E77: =IF(EXACT('Page Titre'!LANGUE_FR_ENG,"Fr"),MatchTrad!A114,MatchTrad!B114) -> < 6 mois | F77: =IF(EXACT('Page Titre'!LANGUE_FR_ENG,"Fr"),MatchTrad!A115,MatchTrad!B115) -> ≥ 6 mois et < 1 an | G77: =IF(EXACT('Page Titre'!LANGUE_FR_ENG,"Fr"),MatchTrad!A116,MatchTrad!B116) -> ≥ 1 an | H77: =IF(EXACT('Page Titre'!LANGUE_FR_ENG,"Fr"),MatchTrad!A117,MatchTrad!B117) -> Sans terme | I77: =IF(EXACT('Page Titre'!LANGUE_FR_ENG,"Fr"),MatchTrad!A118,MatchTrad!B118) -> < 6 mois | J77: =IF(EXACT('Page Titre'!LANGUE_FR_ENG,"Fr"),MatchTrad!A119,MatchTrad!B119) -> ≥ 6 mois et < 1 an | K77: =IF(EXACT('Page Titre'!LANGUE_FR_ENG,"Fr"),MatchTrad!A120,MatchTrad!B120) -> ≥ 1 an | L77: =IF(EXACT('Page Titre'!LANGUE_FR_ENG,"Fr"),MatchTrad!A121,MatchTrad!B121) -> Sans terme | M77: =IF(EXACT('Page Titre'!LANGUE_FR_ENG,"Fr"),MatchTrad!A122,MatchTrad!B122) -> < 6 mois | N77: =IF(EXACT('Page Titre'!LANGUE_FR_ENG,"Fr"),MatchTrad!A123,MatchTrad!B123) -> ≥ 6 mois et < 1 an | O77: =IF(EXACT('Page Titre'!LANGUE_FR_ENG,"Fr"),MatchTrad!A124,MatchTrad!B124) -> ≥ 1 an | P77: =IF(EXACT('Page Titre'!LANGUE_FR_ENG,"Fr"),MatchTrad!A125,MatchTrad!B125) -> Total RSF
B78: =IF(EXACT('Page Titre'!LANGUE_FR_ENG,"Fr"),MatchTrad!A126,MatchTrad!B126) -> Pièces et billets de banque | C78: 2000 | H78: 0 | L78: =IF(AND(ISNUMBER(D78),ISNUMBER(H78)),D78*H78,"") | P78: =IF(ISNUMBER(L78),L78,"")
B79: =IF(EXACT('Page Titre'!LANGUE_FR_ENG,"Fr"),MatchTrad!A127,MatchTrad!B127) -> Réserves totales détenues auprès de la banque centrale | C79: =C78+10 -> 2010 | H79: 0 | I79: 0 | J79: 0 | K79: 0 | L79: =IF(AND(ISNUMBER(D79),ISNUMBER(H79)),D79*H79,"") | M79: =IF(AND(ISNUMBER(E79),ISNUMBER(I79)),E79*I79,"") | N79: =IF(AND(ISNUMBER(F79),ISNUMBER(J79)),F79*J79,"") | O79: =IF(AND(ISNUMBER(G79),ISNUMBER(K79)),G79*K79,"") | P79: =IF(AND(ISNUMBER(L79),ISNUMBER(M79),ISNUMBER(N79),ISNUMBER(O79)),SUM(L79:O79),"")
B80: =IF(EXACT('Page Titre'!LANGUE_FR_ENG,"Fr"),MatchTrad!A128,MatchTrad!B128) -> Réserves requises auprès de la banque centrale | C80: =C79+10 -> 2020 | H80: 0 | I80: 0 | J80: 0 | K80: 0 | L80: =IF(AND(ISNUMBER(D80),ISNUMBER(H80)),D80*H80,"") | M80: =IF(AND(ISNUMBER(E80),ISNUMBER(I80)),E80*I80,"") | N80: =IF(AND(ISNUMBER(F80),ISNUMBER(J80)),F80*J80,"") | O80: =IF(AND(ISNUMBER(G80),ISNUMBER(K80)),G80*K80,"") | P80: =IF(AND(ISNUMBER(L80),ISNUMBER(M80),ISNUMBER(N80),ISNUMBER(O80)),SUM(L80:O80),"")
B81: =IF(EXACT('Page Titre'!LANGUE_FR_ENG,"Fr"),MatchTrad!A129,MatchTrad!B129) -> Actifs des OFT admissibles au traitement de « portefeuille équilibré »
B82: =IF(EXACT('Page Titre'!LANGUE_FR_ENG,"Fr"),MatchTrad!A130,MatchTrad!B130) -> Non grevés | C82: =C80+10 -> 2030 | H82: 0 | I82: 0 | L82: =IF(AND(ISNUMBER(D82),ISNUMBER(H82)),D82*H82,"") | M82: =IF(AND(ISNUMBER(E82),ISNUMBER(I82)),E82*I82,"") | P82: =IF(AND(ISNUMBER(L82),ISNUMBER(M82)),L82+M82,"")
B83: =IF(EXACT('Page Titre'!LANGUE_FR_ENG,"Fr"),MatchTrad!A131,MatchTrad!B131) -> Grevés | C83: =C82+10 -> 2040 | H83: 0 | I83: 0 | L83: =IF(AND(ISNUMBER(D83),ISNUMBER(H83)),D83*H83,"") | M83: =IF(AND(ISNUMBER(E83),ISNUMBER(I83)),E83*I83,"") | P83: =IF(AND(ISNUMBER(L83),ISNUMBER(M83)),L83+M83,"")
B84: =IF(EXACT('Page Titre'!LANGUE_FR_ENG,"Fr"),MatchTrad!A132,MatchTrad!B132) -> Dépôts détenus par d'autres coopératives membres d'une même coopérative à l'intérieur d'une fédération | C84: =C83+10 -> 2050 | H84: 0 | I84: 0 | J84: 0.5 | K84: 1 | L84: =IF(AND(ISNUMBER(D84),ISNUMBER(H84)),D84*H84,"") | M84: =IF(AND(ISNUMBER(E84),ISNUMBER(I84)),E84*I84,"") | N84: =IF(AND(ISNUMBER(F84),ISNUMBER(J84)),F84*J84,"") | O84: =IF(AND(ISNUMBER(G84),ISNUMBER(K84)),G84*K84,"") | P84: =IF(AND(ISNUMBER(L84),ISNUMBER(M84),ISNUMBER(N84),ISNUMBER(O84)),SUM(L84:O84),"")
B85: =IF(EXACT('Page Titre'!LANGUE_FR_ENG,"Fr"),MatchTrad!A133,MatchTrad!B133) -> Prêts à des institutions financières, dont :
B86: =IF(EXACT('Page Titre'!LANGUE_FR_ENG,"Fr"),MatchTrad!A134,MatchTrad!B134) -> Prêts à des institutions financières garantis par des sûretés de niveau 1, lorsque l'institution peut librement réutiliser la sûreté reçue pour la durée des prêts, dont :
B87: =IF(EXACT('Page Titre'!LANGUE_FR_ENG,"Fr"),MatchTrad!A135,MatchTrad!B135) -> Non grevés | C87: =C84+10 -> 2060 | H87: 1 | I87: 0.05 | J87: 0.5 | K87: 1 | L87: =IF(AND(ISNUMBER(D87),ISNUMBER(H87)),D87*H87,"") | M87: =IF(AND(ISNUMBER(E87),ISNUMBER(I87)),E87*I87,"") | N87: =IF(AND(ISNUMBER(F87),ISNUMBER(J87)),F87*J87,"") | O87: =IF(AND(ISNUMBER(G87),ISNUMBER(K87)),G87*K87,"") | P87: =IF(AND(ISNUMBER(L87),ISNUMBER(M87),ISNUMBER(N87),ISNUMBER(O87)),SUM(L87:O87),"")
B88: =IF(EXACT('Page Titre'!LANGUE_FR_ENG,"Fr"),MatchTrad!A136,MatchTrad!B136) -> Grevés, dont :
B89: =IF(EXACT('Page Titre'!LANGUE_FR_ENG,"Fr"),MatchTrad!A137,MatchTrad!B137) -> Échéance résiduelle des actifs grevés < 6 mois | C89: =C87+10 -> 2070 | H89: 1 | I89: 0.05 | J89: 0.5 | K89: 1 | L89: =IF(AND(ISNUMBER(D89),ISNUMBER(H89)),D89*H89,"") | M89: =IF(AND(ISNUMBER(E89),ISNUMBER(I89)),E89*I89,"") | N89: =IF(AND(ISNUMBER(F89),ISNUMBER(J89)),F89*J89,"") | O89: =IF(AND(ISNUMBER(G89),ISNUMBER(K89)),G89*K89,"") | P89: =IF(AND(ISNUMBER(L89),ISNUMBER(M89),ISNUMBER(N89),ISNUMBER(O89)),SUM(L89:O89),"")
B90: =IF(EXACT('Page Titre'!LANGUE_FR_ENG,"Fr"),MatchTrad!A138,MatchTrad!B138) -> Échéance résiduelle des actifs grevés ≥ 6 mois à < 1 an | C90: =C89+10 -> 2080 | H90: 1 | I90: 0.5 | J90: 0.5 | K90: 1 | L90: =IF(AND(ISNUMBER(D90),ISNUMBER(H90)),D90*H90,"") | M90: =IF(AND(ISNUMBER(E90),ISNUMBER(I90)),E90*I90,"") | N90: =IF(AND(ISNUMBER(F90),ISNUMBER(J90)),F90*J90,"") | O90: =IF(AND(ISNUMBER(G90),ISNUMBER(K90)),G90*K90,"") | P90: =IF(AND(ISNUMBER(L90),ISNUMBER(M90),ISNUMBER(N90),ISNUMBER(O90)),SUM(L90:O90),"")
B91: =IF(EXACT('Page Titre'!LANGUE_FR_ENG,"Fr"),MatchTrad!A139,MatchTrad!B139) -> Échéance résiduelle des actifs grevés ≥ 1 an | C91: =C90+10 -> 2090 | H91: 1 | I91: 1 | J91: 1 | K91: 1 | L91: =IF(AND(ISNUMBER(D91),ISNUMBER(H91)),D91*H91,"") | M91: =IF(AND(ISNUMBER(E91),ISNUMBER(I91)),E91*I91,"") | N91: =IF(AND(ISNUMBER(F91),ISNUMBER(J91)),F91*J91,"") | O91: =IF(AND(ISNUMBER(G91),ISNUMBER(K91)),G91*K91,"") | P91: =IF(AND(ISNUMBER(L91),ISNUMBER(M91),ISNUMBER(N91),ISNUMBER(O91)),SUM(L91:O91),"")
B92: =IF(EXACT('Page Titre'!LANGUE_FR_ENG,"Fr"),MatchTrad!A140,MatchTrad!B140) -> Prêts à des institutions financières garantis par des sûretés autres que de niveau 1, lorsque l'institution peut librement réutiliser la sûreté reçue pour la durée des prêts, dont :
B93: =IF(EXACT('Page Titre'!LANGUE_FR_ENG,"Fr"),MatchTrad!A141,MatchTrad!B141) -> Non grevés | C93: =C91+10 -> 2100 | H93: 1 | I93: 0.1 | J93: 0.5 | K93: 1 | L93: =IF(AND(ISNUMBER(D93),ISNUMBER(H93)),D93*H93,"") | M93: =IF(AND(ISNUMBER(E93),ISNUMBER(I93)),E93*I93,"") | N93: =IF(AND(ISNUMBER(F93),ISNUMBER(J93)),F93*J93,"") | O93: =IF(AND(ISNUMBER(G93),ISNUMBER(K93)),G93*K93,"") | P93: =IF(AND(ISNUMBER(L93),ISNUMBER(M93),ISNUMBER(N93),ISNUMBER(O93)),SUM(L93:O93),"")
B94: =IF(EXACT('Page Titre'!LANGUE_FR_ENG,"Fr"),MatchTrad!A142,MatchTrad!B142) -> Grevés, dont :
B95: =IF(EXACT('Page Titre'!LANGUE_FR_ENG,"Fr"),MatchTrad!A143,MatchTrad!B143) -> Échéance résiduelle des actifs grevés < 6 mois | C95: =C93+10 -> 2110 | H95: 1 | I95: 0.1 | J95: 0.5 | K95: 1 | L95: =IF(AND(ISNUMBER(D95),ISNUMBER(H95)),D95*H95,"") | M95: =IF(AND(ISNUMBER(E95),ISNUMBER(I95)),E95*I95,"") | N95: =IF(AND(ISNUMBER(F95),ISNUMBER(J95)),F95*J95,"") | O95: =IF(AND(ISNUMBER(G95),ISNUMBER(K95)),G95*K95,"") | P95: =IF(AND(ISNUMBER(L95),ISNUMBER(M95),ISNUMBER(N95),ISNUMBER(O95)),SUM(L95:O95),"")
B96: =IF(EXACT('Page Titre'!LANGUE_FR_ENG,"Fr"),MatchTrad!A144,MatchTrad!B144) -> Échéance résiduelle des actifs grevés ≥ 6 mois à < 1 an | C96: =C95+10 -> 2120 | H96: 1 | I96: 0.5 | J96: 0.5 | K96: 1 | L96: =IF(AND(ISNUMBER(D96),ISNUMBER(H96)),D96*H96,"") | M96: =IF(AND(ISNUMBER(E96),ISNUMBER(I96)),E96*I96,"") | N96: =IF(AND(ISNUMBER(F96),ISNUMBER(J96)),F96*J96,"") | O96: =IF(AND(ISNUMBER(G96),ISNUMBER(K96)),G96*K96,"") | P96: =IF(AND(ISNUMBER(L96),ISNUMBER(M96),ISNUMBER(N96),ISNUMBER(O96)),SUM(L96:O96),"")
B97: =IF(EXACT('Page Titre'!LANGUE_FR_ENG,"Fr"),MatchTrad!A145,MatchTrad!B145) -> Échéance résiduelle des actifs grevés ≥ 1 an | C97: =C96+10 -> 2130 | H97: 1 | I97: 1 | J97: 1 | K97: 1 | L97: =IF(AND(ISNUMBER(D97),ISNUMBER(H97)),D97*H97,"") | M97: =IF(AND(ISNUMBER(E97),ISNUMBER(I97)),E97*I97,"") | N97: =IF(AND(ISNUMBER(F97),ISNUMBER(J97)),F97*J97,"") | O97: =IF(AND(ISNUMBER(G97),ISNUMBER(K97)),G97*K97,"") | P97: =IF(AND(ISNUMBER(L97),ISNUMBER(M97),ISNUMBER(N97),ISNUMBER(O97)),SUM(L97:O97),"")
B98: =IF(EXACT('Page Titre'!LANGUE_FR_ENG,"Fr"),MatchTrad!A146,MatchTrad!B146) -> Prêts non garantis à des institutions financières, dont :
B99: =IF(EXACT('Page Titre'!LANGUE_FR_ENG,"Fr"),MatchTrad!A147,MatchTrad!B147) -> Non grevés | C99: =C97+10 -> 2140 | H99: 1 | I99: 0.15 | J99: 0.5 | K99: 1 | L99: =IF(AND(ISNUMBER(D99),ISNUMBER(H99)),D99*H99,"") | M99: =IF(AND(ISNUMBER(E99),ISNUMBER(I99)),E99*I99,"") | N99: =IF(AND(ISNUMBER(F99),ISNUMBER(J99)),F99*J99,"") | O99: =IF(AND(ISNUMBER(G99),ISNUMBER(K99)),G99*K99,"") | P99: =IF(AND(ISNUMBER(L99),ISNUMBER(M99),ISNUMBER(N99),ISNUMBER(O99)),SUM(L99:O99),"")
B100: =IF(EXACT('Page Titre'!LANGUE_FR_ENG,"Fr"),MatchTrad!A148,MatchTrad!B148) -> Grevés, dont :
B101: =IF(EXACT('Page Titre'!LANGUE_FR_ENG,"Fr"),MatchTrad!A149,MatchTrad!B149) -> Échéance résiduelle des actifs grevés < 6 mois | C101: =C99+10 -> 2150 | H101: 1 | I101: 0.15 | J101: 0.5 | K101: 1 | L101: =IF(AND(ISNUMBER(D101),ISNUMBER(H101)),D101*H101,"") | M101: =IF(AND(ISNUMBER(E101),ISNUMBER(I101)),E101*I101,"") | N101: =IF(AND(ISNUMBER(F101),ISNUMBER(J101)),F101*J101,"") | O101: =IF(AND(ISNUMBER(G101),ISNUMBER(K101)),G101*K101,"") | P101: =IF(AND(ISNUMBER(L101),ISNUMBER(M101),ISNUMBER(N101),ISNUMBER(O101)),SUM(L101:O101),"")
B102: =IF(EXACT('Page Titre'!LANGUE_FR_ENG,"Fr"),MatchTrad!A150,MatchTrad!B150) -> Échéance résiduelle des actifs grevés ≥ 6 mois à < 1 an | C102: =C101+10 -> 2160 | H102: 1 | I102: 0.5 | J102: 0.5 | K102: 1 | L102: =IF(AND(ISNUMBER(D102),ISNUMBER(H102)),D102*H102,"") | M102: =IF(AND(ISNUMBER(E102),ISNUMBER(I102)),E102*I102,"") | N102: =IF(AND(ISNUMBER(F102),ISNUMBER(J102)),F102*J102,"") | O102: =IF(AND(ISNUMBER(G102),ISNUMBER(K102)),G102*K102,"") | P102: =IF(AND(ISNUMBER(L102),ISNUMBER(M102),ISNUMBER(N102),ISNUMBER(O102)),SUM(L102:O102),"")
B103: =IF(EXACT('Page Titre'!LANGUE_FR_ENG,"Fr"),MatchTrad!A151,MatchTrad!B151) -> Échéance résiduelle des actifs grevés ≥ 1 an | C103: =C102+10 -> 2170 | H103: 1 | I103: 1 | J103: 1 | K103: 1 | L103: =IF(AND(ISNUMBER(D103),ISNUMBER(H103)),D103*H103,"") | M103: =IF(AND(ISNUMBER(E103),ISNUMBER(I103)),E103*I103,"") | N103: =IF(AND(ISNUMBER(F103),ISNUMBER(J103)),F103*J103,"") | O103: =IF(AND(ISNUMBER(G103),ISNUMBER(K103)),G103*K103,"") | P103: =IF(AND(ISNUMBER(L103),ISNUMBER(M103),ISNUMBER(N103),ISNUMBER(O103)),SUM(L103:O103),"")
B104: =IF(EXACT('Page Titre'!LANGUE_FR_ENG,"Fr"),MatchTrad!A152,MatchTrad!B152) -> Titres admissibles à titre d'ALHQ de niveau 1 pour le LCR, dont :
B105: =IF(EXACT('Page Titre'!LANGUE_FR_ENG,"Fr"),MatchTrad!A153,MatchTrad!B153) -> Non grevés | C105: =C103+10 -> 2180 | I105: 0 | J105: 0 | K105: 0 | M105: =IF(AND(ISNUMBER(E105),ISNUMBER(I105)),E105*I105,"") | N105: =IF(AND(ISNUMBER(F105),ISNUMBER(J105)),F105*J105,"") | O105: =IF(AND(ISNUMBER(G105),ISNUMBER(K105)),G105*K105,"") | P105: =IF(AND(ISNUMBER(M105),ISNUMBER(N105),ISNUMBER(O105)),SUM(M105:O105),"")
...

Sheet Instructions
A1: =IF(EXACT('Page Titre'!LANGUE_FR_ENG,"Fr"),MatchTrad!A305,MatchTrad!B305) -> INSTRUCTIONS GÉNÉRALES Ces instructions portent sur le ratio structurel de liquidité à long terme (NFSR) tel qu'il est défini au chapitre 6 de la Ligne directrice sur les normes relatives à la suffisance des liquidités (LDSL). Ce chapitre, pour fin de rappel, correspond au document « Bâle III : Ratio structurel de liquidité à long terme ». L'ensemble des spécificités et des critères figurant dans les chapitres 2 et 6 de la LDSL s'appliquent. Les instructions indiquent le paragraphe de la LDSL auquel les données demandées font référence. Si les instructions contredisent la LDSL, les dispositions de la LDSL prédominent. Lorsque les instructions introduisent des spécificités supplémentaires sur les données demandées, celles-ci doivent toutefois être suivies. Il faut remplir le formulaire sur une base consolidée en se conformant au champ d'application précisé dans la LDSL. Le NSFR vise à assurer que les institutions financières maintiennent un profil de financement stable au regard de la composition de leurs actifs et de leurs activités hors bilan. Une structure de financement viable est censée réduire la probabilité que des difficultés qui perturberaient les sources de financement régulières d’une institution érodent sa position de liquidité au point d’accroître le risque d’une défaillance et, potentiellement, d'engendrer des tensions susceptibles de s’étendre à tout le système. Ce ratio établit l'exigence minimale en matière de financement stable en fonction des caractéristiques de liquidité des éléments au bilan et hors bilan d'une institution sur une période d'un an.
A2: =IF(EXACT('Page Titre'!LANGUE_FR_ENG,"Fr"),MatchTrad!A306,MatchTrad!B306) -> Le NSFR correspond au montant du financement stable disponible rapporté au montant du financement stable exigé. Le « financement stable disponible » désigne la part des fonds propres et des passifs censée être fiable à l’horizon temporel pris en compte aux fins du NSFR, à savoir jusqu’à un an. Le montant du « financement stable exigé » d’une institution est fonction des caractéristiques de liquidité ainsi que de l'échéance résiduelle des divers actifs qu’elle détient et de celles de ses positions hors bilan. Les institutions devraient déclarer leur NSFR selon le même champ d'application que pour le ratio de liquidité à court terme (LCR). Toutes les mentions des définitions du LCR dans le NSFR correspondent aux définitions présentées au chapitre 2 de la LDSL. Les autorités de contrôle qui ont décidé de mettre en œuvre dans leurs règles internes sur le LCR une définition plus stricte que celle énoncée dans la norme LCR du Comité de Bâle ont toute latitude pour décider s’il convient d’appliquer cette définition plus stricte aux fins de la mise en œuvre des exigences de NSFR dans leur territoire. Dans le NSFR, il est demandé aux institutions d'assigner aux passifs et aux fonds propres figurant à leur bilan les catégories de financement stable disponible (ASF) exposées ci-après. Les actifs inscrits au bilan devraient être affectés aux catégories de financement stable requis (RSF) en fonction de ce qui suit : i) leur échéance résiduelle; ii) s'ils sont grevés ou non; iii) s'ils sont grevés, la période de grèvement.
A3: =IF(EXACT('Page Titre'!LANGUE_FR_ENG,"Fr"),MatchTrad!A307,MatchTrad!B307) -> TRAITEMENT DES OPÉRATIONS DE FINANCEMENT AVEC CESSION TEMPORAIRE DE TITRES Si une institution utilise le bilan et les traitements comptables, elle exclura généralement de ses actifs les titres qu’elle a empruntés dans le cadre d’opérations de financement avec cession temporaire de titres (comme les mises en pension et les swaps de sûretés) et dont elle n’a pas la propriété effective. En revanche, elle devrait inclure les titres prêtés dans le cadre de telles opérations dont elle conserve la propriété effective. Elle devrait aussi exclure les titres reçus dans le cadre de swaps de sûretés si ces titres n’apparaissent pas à son bilan. Lorsqu’elle a cédé des titres dans le cadre de mises en pension ou d’autres cessions temporaires de titres, mais qu’elle en a conservé la propriété effective et que ces actifs restent inscrits à son bilan, elle devrait leur assigner la catégorie RSF appropriée. Les cessions temporaires de titres avec une seule contrepartie peuvent être mesurées nettes pour les besoins du NSFR, sous réserve que les conditions de compensation énoncées dans l'Annexe 1-II de la Ligne directrice sur les normes relatives à la suffisance du capital ("LDCID") de l'Autorité soient remplies. Les montants à recevoir et à payer dans le cadre de ces opérations devraient généralement être déclarés bruts, ce qui signifie que leur montant brut devrait se retrouver sous le RSF et l'ASF, respectivement. La seule exception, selon le paragraphe 33 de la norme NSFR, est que les « cessions temporaires de titres avec une seule contrepartie peuvent être mesurées nettes pour les besoins du NSFR, sous réserve que les conditions de compensation énoncées dans l'Annexe 1-II de la LDCID et dans les exigences de publicité soient remplies ».
A4: =IF(EXACT('Page Titre'!LANGUE_FR_ENG,"Fr"),MatchTrad!A308,MatchTrad!B308) -> TRAITEMENT DES GRÈVEMENTS Conformément au principe voulant qu'elles ne puissent tirer un avantage de liquidité des actifs qu'elles ont grevés, les institutions sont tenues d'indiquer si des actifs sont grevés et, le cas échéant, durant quelle période. Pour chaque catégorie d'actifs, elles devraient présenter sur des lignes distinctes les soldes des actifs grevés et non grevés dans la colonne appropriée, selon leur échéance résiduelle. Lorsque des actifs sont grevés pour des activités de liquidité exceptionnelles des banques centrales et que les autorités de contrôle nationales ont convenu avec les banques centrales d'un coefficient RSF réduit (lequel ne doit pas être inférieur à celui appliqué à l'actif équivalent qui n'est pas grevé), ces valeurs devraient être présentées séparément comme il est indiqué ci-après.
A5: =IF(EXACT('Page Titre'!LANGUE_FR_ENG,"Fr"),MatchTrad!A309,MatchTrad!B309) -> TRAITEMENT DES MONTANTS À PAYER ET À RECEVOIR SUR LES DÉRIVÉS Une institution aura habituellement au bilan des dérivés au passif (c'est-à-dire des montants à payer) et des dérivés à l'actif (c'est-à-dire des montants à recevoir). Les dérivés au passif sont calculés d’abord sur la base du coût de remplacement des contrats dérivés (obtenu par une évaluation au prix du marché) dont la valeur est négative. Lorsqu’il existe un contrat de compensation bilatérale admissible qui remplit les conditions énoncées dans l’Annexe 1-II de la LDCID, le coût de remplacement des expositions sur dérivés couvertes par le contrat sera le coût de remplacement net. Dans le calcul des dérivés au passif aux fins du NSFR, les sûretés constituant la marge de variation de contrats dérivés, indépendamment du type d’actif, doivent être déduites du montant négatif du coût de remplacement. Les dérivés à l’actif sont calculés d’abord sur la base du coût de remplacement des contrats dérivés (obtenu par une évaluation au prix du marché) lorsque le contrat a une valeur positive. S'il existe un contrat de compensation bilatérale admissible qui répond aux conditions énoncéesdans l’Annexe 1-II de la LDCID, le coût de remplacement des expositions sur dérivés couvertes par le contrat sera le coût de remplacement net. Pour le calcul des dérivés à l’actif aux fins du NSFR, les sûretés reçues dans le cadre de contrats dérivés ne peuvent compenser le montant du coût de remplacement positif, que la compensation soit ou non autorisée par le référentiel comptable ou le dispositif fondé sur les risques en vigueur dans l’institution, sauf si elles sont reçues sous forme de marge de variation en espèces et qu'elles remplissent les conditions énoncées dans l’Annexe 1-II de la LDCID ou sont précisées dans toute foire aux questions connexe. Les autres passifs figurant au bilan associés a) à une marge de variation reçue qui ne remplit pas les critères ci-dessus ou b) à une marge initiale reçue ne peuvent compenser les dérivés à l’actif et devraient se voir appliquer un coefficient ASF de 0 %. Certaines opérations des banques centrales peuvent impliquer le recours à des opérations sur instruments dérivés comme des swaps de devises. Un degré d'appréciation limité accordé aux autorités de contrôle nationales permet aux opérations sur instruments dérivés avec les banques centrales découlant de la politique monétaire à court terme et des activités de liquidité de ces dernières d'être exclues du calcul du NSFR de l’institution déclarante et de compenser les gains et pertes en capital non réalisés liés à ces opérations sur dérivés de l'ASF. Ces opérations comprennent les instruments dérivés sur devises, comme les swaps de devises, et devraient avoir une échéance de moins de six mois à l'origine. Par conséquent, le NSFR de l’institution ne changerait pas en raison d’une transaction sur instruments dérivés à court terme avec la banque centrale aux fins de la politique monétaire et des opérations de liquidité à court terme.
A6: =IF(EXACT('Page Titre'!LANGUE_FR_ENG,"Fr"),MatchTrad!A310,MatchTrad!B310) -> EXIGENCES RELATIVES AU LEVIER FINANCIER
A7: =IF(EXACT('Page Titre'!LANGUE_FR_ENG,"Fr"),MatchTrad!A311,MatchTrad!B311) -> Partie 1 - Financement stable disponible (ASF)
A8: =IF(EXACT('Page Titre'!LANGUE_FR_ENG,"Fr"),MatchTrad!A312,MatchTrad!B312) -> 1.1 Financement stable disponible (ASF)
A9: =IF(EXACT('Page Titre'!LANGUE_FR_ENG,"Fr"),MatchTrad!A313,MatchTrad!B313) -> Pour calculer le montant du financement stable disponible (Available stable funding ou ASF), on associe, dans un premier temps, la valeur comptable des fonds propres et passifs d’une institution à l’une des catégories indiquées ci-après, qui sont également reproduites au paragraphe 26 du chapitre 6 de la LDSL. La valeur comptable représente le montant auquel un instrument de dette ou de fonds propres est enregistré avant l’application d’éventuels ajustements réglementaires (déductions et filtres) et des coefficients ASF. Des modifications ont été apportées aux définitions figurant dans les normes NSFR de Bâle III pour tenir compte de la collecte de données par tranches d'échéance. • Les institutions devraient présenter l'ensemble des fonds propres et des passifs dans les colonnes appropriées d'après l'échéance. • Pour déterminer l’échéance d’un instrument de fonds propres ou de dette, il convient de prendre pour hypothèse que les investisseurs exercent l’option d’achat à la première date possible. Pour les financements assortis d’options exerçables à la discrétion de l’institution financière, elle devrait présumer que ces options seront exercées à la première date possible à moins qu’elle puisse démontrer de façon convaincante à l’Autorité qu’elle n’exercerait l’option en aucune circonstance. Également, lorsque le marché anticipe en particulier que certains passifs seront remboursés avant la date d’échéance légale, ce comportement doit être pris en compte aux fins du NSFR et ces passifs doivent être inclus dans la catégorie de l’ASF correspondante. Concernant les passifs à long terme, seuls les flux de trésorerie assortis d’horizons de 6 mois et d’un an ou plus devraient être considérés comme ayant, respectivement, un temps à l’échéance résiduel effectif égal ou supérieur à 6 mois et égal ou supérieur à un an. Conformément au traitement prévu pour le LCR, mais selon un horizon différent, les dépôts venant à échéance dans moins d'un an ou qui peuvent être retirés prématurément sans pénalité significative, qui sont classés comme des dépôts à terme de la clientèle de détail dans le LCR, devraient, aux fins du NSFR, être classés selon leurs caractéristiques (c'est-à-dire assurés, détenus dans un compte transactionnel, etc.) comme stables ou moins stables. Les dépôts à terme de la clientèle de détail dont l’échéance dépasse un an et qui ne peuvent être retirés prématurément sans pénalité significative sont assujettis à un coefficient ASF de 100 % . • Dans le cas des dépôts de la clientèle de détail et de petites et moyennes entreprises (PME), la même méthode de détermination de l'échéance devrait être suivie aux fins du NSFR qu'aux fins du LCR. • Les dépôts à terme fixe devraient être répartis par tranche d'échéance; les dépôts à vue (sans échéance) devraient être déclarés dans la colonne < 6 mois.
A10: =IF(EXACT('Page Titre'!LANGUE_FR_ENG,"Fr"),MatchTrad!A314,MatchTrad!B314) -> ADP | B10: =IF(EXACT('Page Titre'!LANGUE_FR_ENG,"Fr"),MatchTrad!A315,MatchTrad!B315) -> Description | C10: =IF(EXACT('Page Titre'!LANGUE_FR_ENG,"Fr"),MatchTrad!A316,MatchTrad!B316) -> Instructions | D10: =IF(EXACT('Page Titre'!LANGUE_FR_ENG,"Fr"),MatchTrad!A317,MatchTrad!B317) -> Renvoi à la LDSL (chapitre 6, sauf indication contraire)
A11: =NSFR!C10 -> 1010 | B11: =IF(EXACT('Page Titre'!LANGUE_FR_ENG,"Fr"),MatchTrad!A318,MatchTrad!B318) -> Fonds propres de catégorie 1 et de catégorie 2 (Bâle III), avant l'application de déductions de fonds propres, à l'exception du pourcentage d'instruments de catégorie 2 à échéance résiduelle de moins d'un an | C11: =IF(EXACT('Page Titre'!LANGUE_FR_ENG,"Fr"),MatchTrad!A319,MatchTrad!B319) -> Le montant total de fonds propres réglementaires, avant l’application de déductions, telles qu'elles sont définies au chapitre 2 de la LDCID, exception faite des instruments de fonds propres de catégorie 2 ayant un temps à échéance résiduel inférieur à un an. Les normes régissant les fonds propres de catégorie 1 et de catégorie 2 sont exposées au chapitre 2 de la LDCID. | D11: =IF(EXACT('Page Titre'!LANGUE_FR_ENG,"Fr"),MatchTrad!A320,MatchTrad!B320) -> 21 a)
A12: =NSFR!C11 -> 1020 | B12: =IF(EXACT('Page Titre'!LANGUE_FR_ENG,"Fr"),MatchTrad!A321,MatchTrad!B321) -> Instruments de fonds propres non pris en compte ci-dessus, à échéance résiduelle réelle d'au moins un an | C12: =IF(EXACT('Page Titre'!LANGUE_FR_ENG,"Fr"),MatchTrad!A322,MatchTrad!B322) -> Le montant total de tous les instruments de fonds propres non couverts à la ligne 1010 ci-dessus qui ont un temps à échéance résiduel effectif égal ou supérieur à un an, exception faite de tout instrument assorti d’une option explicite ou implicite qui, si elle est exercée, ramènerait à moins d'un an l’échéance prévue. | D12: =IF(EXACT('Page Titre'!LANGUE_FR_ENG,"Fr"),MatchTrad!A323,MatchTrad!B323) -> 21 b)
A13: =NSFR!C12 -> 1030 | B13: =IF(EXACT('Page Titre'!LANGUE_FR_ENG,"Fr"),MatchTrad!A324,MatchTrad!B324) -> Dépôts à vue et/ou à terme « stables » (définis dans le LCR) des particuliers et des petites entreprises | C13: =IF(EXACT('Page Titre'!LANGUE_FR_ENG,"Fr"),MatchTrad!A325,MatchTrad!B325) -> Les dépôts à vue (sans échéance) et/ou à terme « stables » (tels qu’ils sont définis aux paragraphes 75 à 78 de la norme LCR) placés par la clientèle de détail (particuliers et petites entreprises). Les dépôts à terme, peu importe leur temps à échéance résiduel, qui peuvent être retirés prématurément sans pénalité significativement supérieure à la perte d'intérêt devraient être déclarés dans la colonne < 6 mois. Conformément au traitement prévu pour le LCR mais selon un horizon différent, les dépôts venant à échéance dans moins d'un an ou qui peuvent être retirés prématurément sans pénalité significative, qui sont classés comme des dépôts à terme de la clientèle de détail dans la norme LCR, devraient, aux fins du NSFR, être classés selon leurs caractéristiques (assurés, détenus dans un compte transactionnel, etc.) comme stables ou moins stables. Les dépôts à terme de la clientèle de détail dont l’échéance dépasse un an et qui ne peuvent être retirés prématurément sans pénalité significative sont assujettis à un coefficient ASF de 100 % . | D13: =IF(EXACT('Page Titre'!LANGUE_FR_ENG,"Fr"),MatchTrad!A326,MatchTrad!B326) -> 21 c), 22
A14: =IF(EXACT('Page Titre'!LANGUE_FR_ENG,"Fr"),MatchTrad!A327,MatchTrad!B327) -> 1040 to 1130 | B14: =IF(EXACT('Page Titre'!LANGUE_FR_ENG,"Fr"),MatchTrad!A328,MatchTrad!B328) -> Dépôts à vue et/ou à terme « moins stables » (définis dans le LCR) des particuliers et des petites entreprises, dont : | C14: =IF(EXACT('Page Titre'!LANGUE_FR_ENG,"Fr"),MatchTrad!A329,MatchTrad!B329) -> Les dépôts « moins stables » (tels qu’ils sont définis aux paragraphes 79 à 81 de la norme LCR) à vue (sans échéance) et/ou à terme, placés par la clientèle de détail (particuliers et petites entreprises). Les dépôts à terme, peu importe leur temps à échéance résiduel, qui peuvent être retirés prématurément sans pénalité significativement supérieure à la perte d'intérêt devraient être déclarés dans la colonne < 6 mois. Conformément au traitement prévu pour le LCR mais selon un horizon différent, les dépôts venant à échéance dans moins d'un an ou qui peuvent être retirés prématurément sans pénalité significative, qui sont classés comme des dépôts à terme de la clientèle de détail dans le LCR, devraient, aux fins du NSFR, être classés selon leurs caractéristiques (assurés, détenus dans un compte transactionnel, etc.) comme stables ou moins stables. Les dépôts à terme de la clientèle de détail dont l’échéance dépasse un an et qui ne peuvent être retirés prématurément sans pénalité significative sont assujettis à un coefficient ASF de 100 % . | D14: =IF(EXACT('Page Titre'!LANGUE_FR_ENG,"Fr"),MatchTrad!A330,MatchTrad!B330) -> 21 c), 23, 22
A15: =NSFR!C14 -> 1050 | B15: =IF(EXACT('Page Titre'!LANGUE_FR_ENG,"Fr"),MatchTrad!A331,MatchTrad!B331) -> Assurés – sans relation durable et compte qui n’est pas un compte transactionnel | C15: =IF(EXACT('Page Titre'!LANGUE_FR_ENG,"Fr"),MatchTrad!A332,MatchTrad!B332) -> Les passifs dans cette catégorie sont les dépôts « moins stables » (tels qu’ils sont définis au paragraphe 74 du chapitre 2 de la LDSL) à vue (sans échéance) et/ou à terme, assortis d’un temps à échéance résiduel inférieur à un an, placés par la clientèle de détail (particuliers et petites entreprises). Le coefficient ASF est de 90 % dans le cas des dépôts assurés qui satisfont à l'une des conditions suivantes : i. le déposant n'a pas de relation durable avec l'institution; ii. les dépôts ne sont pas dans un compte transactionnel. | D15: 23
A16: =NSFR!C15 -> 1060 | B16: =IF(EXACT('Page Titre'!LANGUE_FR_ENG,"Fr"),MatchTrad!A333,MatchTrad!B333) -> Assurés – dépôts provenant de fonds et de fiducies contrôlés par le client de détail | C16: =IF(EXACT('Page Titre'!LANGUE_FR_ENG,"Fr"),MatchTrad!A334,MatchTrad!B334) -> Les passifs dans cette catégorie sont les dépôts « moins stables » (tels qu’ils sont définis au paragraphe 74 du chapitre 2 de la LDSL) à vue (sans échéance) et/ou à terme, assortis d’un temps à échéance résiduel inférieur à un an, placés par la clientèle de détail (particuliers et petites entreprises). Le coefficient ASF est de 90 % dans le cas des dépôts assurés provenant de fonds et de fiducies dont le solde est contrôlé uniquement par le client et qui satisfont à l'une des conditions suivantes : i. le déposant a une relation durable avec l'institution; ii. les dépôts sont dans un compte transactionnel. | D16: 23
A17: =NSFR!C16 -> 1070 | B17: =IF(EXACT('Page Titre'!LANGUE_FR_ENG,"Fr"),MatchTrad!A335,MatchTrad!B335) -> Dépôts provenant du pays d’attache mais libellés en devises | C17: =IF(EXACT('Page Titre'!LANGUE_FR_ENG,"Fr"),MatchTrad!A336,MatchTrad!B336) -> Les passifs dans cette catégorie sont les dépôts « moins stables » (tels qu’ils sont définis au chapitre 2) à vue (sans échéance) et/ou à terme, assortis d’un temps à échéance résiduel inférieur à un an, fournis par la clientèle de détail (particuliers et petites entreprises) provenant du Canada mais libellés en devises étrangères. Le coefficient ASF est de 90 % dans le cas des dépôts libellés en devises étrangères. Dans le cas des institutions transfrontalières, cela ne comprend pas les dépôts assujettis aux exigences de la juridiction du pays hôte (voir l’identifiant 1130) | D17: 23
A18: =NSFR!C17 -> 1080 | B18: =IF(EXACT('Page Titre'!LANGUE_FR_ENG,"Fr"),MatchTrad!A337,MatchTrad!B337) -> Dépôts non assurés | C18: =IF(EXACT('Page Titre'!LANGUE_FR_ENG,"Fr"),MatchTrad!A338,MatchTrad!B338) -> Dépôts sans échéance (à vue) « moins stables » et/ou dépôts à terme fournis par la clientèle de détail et de petites entreprises qui ne sont pas assurés soit parce que les montants excèdent la limite de couverture d'assurance-dépôts ou si les dépôts ne satisfont pas aux critères de couverture d'assurance-dépôts et ne sont pas saisis par les identifiants 1070, 1090, 1100, 1110 ou 1120. Les passifs dans cette catégorie sont les dépôts « moins stables » (tels qu’ils sont définis au chapitre 2) à vue (sans échéance) et/ou à terme, assortis d’un temps à échéance résiduel inférieur à un an, placés par la clientèle de détail et de PME. Le coefficient ASF est de 90 % dans le cas des dépôts non assurés. | D18: 23
A19: =NSFR!C18 -> 1090 | B19: =IF(EXACT('Page Titre'!LANGUE_FR_ENG,"Fr"),MatchTrad!A339,MatchTrad!B339) -> Dépôts sensibles aux taux d'intérêt directement gérés par le client – relation durable ou dépôt dans un compte transactionnel | C19: =IF(EXACT('Page Titre'!LANGUE_FR_ENG,"Fr"),MatchTrad!A340,MatchTrad!B340) -> Les dépôts sensibles aux taux (tels que définis au paragraphe 74 du chapitre 2 de la LDSL) fournis par la clientèle de détail et de petites entreprises lorsque le client gère directement les fonds et que le client entretient une relation durable (telle que définie dau paragraphe 74 du chapitre 2 de la LDSL) avec l’institution ou que le dépôt est dans un compte transactionnel. Les passifs dans cette catégorie sont les dépôts « moins stables » (tels qu’ils sont définis au chapitre 2) à vue (sans échéance) et/ou à terme, assortis d’un temps à échéance résiduel inférieur à un an, placés par la clientèle de détail (particuliers et petites entreprises). Le coefficient ASF est de 90 % dans le cas des dépôts sensibles aux taux d'intérêt dont le client gère directement les fonds et qui satisfont à l'une des conditions suivantes : i. le client a une relation durable avec l'institution; ii. le dépôt est dans un compte transactionnel. | D19: 23
A20: =NSFR!C19 -> 1100 | B20: =IF(EXACT('Page Titre'!LANGUE_FR_ENG,"Fr"),MatchTrad!A341,MatchTrad!B341) -> Dépôts sensibles aux taux d'intérêt directement gérés par le client – sans relation durable et dépôt dans un compte autre que transactionnel | C20: =IF(EXACT('Page Titre'!LANGUE_FR_ENG,"Fr"),MatchTrad!A342,MatchTrad!B342) -> Les dépôts sensibles aux taux (tels que définis au paragraphe 74 du chapitre 2 de la LDSL) fournis par la clientèle de détail et de petites entreprises lorsque le client gère directement les fonds, mais que le client n’a pas de relation durable (telle que définie au paragraphe 74 du chapitre 2 de la LDSL) avec l’institution et que le dépôt n’est pas dans un compte transactionnel. Les passifs dans cette catégorie sont les dépôts « moins stables » (tels qu’ils sont définis au chapitre 2 de la LDSL) à vue (sans échéance) et/ou à terme, assortis d’un temps à échéance résiduel inférieur à un an, placés par la clientèle de détail (particuliers et petites entreprises). Le coefficient ASF est de 80 % dans le cas des dépôts sensibles aux taux d'intérêt dont le client gère directement les fonds et qui satisfont à l'une des conditions suivantes : i. le client n'a pas de relation durable avec l'institution; ii. le dépôt n'est pas dans un compte transactionnel. | D20: =IF(EXACT('Page Titre'!LANGUE_FR_ENG,"Fr"),MatchTrad!A343,MatchTrad!B343) -> 23 e)
A21: =NSFR!C20 -> 1110 | B21: =IF(EXACT('Page Titre'!LANGUE_FR_ENG,"Fr"),MatchTrad!A344,MatchTrad!B344) -> Dépôts à terme gérés par un tiers non affilié venant à échéance ou encaissables dans les 30 prochains jours | C21: =IF(EXACT('Page Titre'!LANGUE_FR_ENG,"Fr"),MatchTrad!A345,MatchTrad!B345) -> Dépôts à terme de la clientèle de détail (particuliers et petites entreprises) directement gérés par un tiers non affilié (au sens du paragraphe 74 du chapitre 2 de la LDSL) qui arrivent à échéance ou qui sont encaissables dans les 30 prochains jours. Les dépôts à terme gérés directement par un tiers non affilié qui n’arrivent pas à échéance ou qui ne sont pas encaissables au cours des 30 prochains jours doivent être affectés à la catégorie appropriée selon les caractéristiques sous-jacentes du dépôt. Les passifs dans cette catégorie sont les dépôts « moins stables » (tels qu’il sont définis au chapitre 2) à vue (sans échéance) et/ou à terme, assortis d’un temps à échéance résiduel inférieur à un an, placés par la clientèle de détail et de petites entreprises. Le coefficient ASF est de 70 % dans le cas des dépôts à terme gérés directement par un tiers non affilié qui arrivent à échéance ou qui sont encaissables dans les 30 prochains jours. | D21: =IF(EXACT('Page Titre'!LANGUE_FR_ENG,"Fr"),MatchTrad!A346,MatchTrad!B346) -> 23 f)
A22: =NSFR!C21 -> 1120 | B22: =IF(EXACT('Page Titre'!LANGUE_FR_ENG,"Fr"),MatchTrad!A347,MatchTrad!B347) -> Dépôts à vue gérés par un tiers non affilié | C22: =IF(EXACT('Page Titre'!LANGUE_FR_ENG,"Fr"),MatchTrad!A348,MatchTrad!B348) -> Les dépôts à vue fournis par la clientèle de détail (particuliers et petites entreprises) où un tiers non affilié (tel que défini au paragraphe 74 du chapitre 2 de la LDSL) gère directement les fonds. Cette catégorie doit également inclure, de manière temporaire, les billets négociables en bourse et les dépôts issus de partenariats classés comme étant moins stables. Les passifs dans cette catégorie sont les dépôts « moins stables » (tels qu’ils sont définis au chapitre 2) à vue (sans échéance) et/ou à terme, assortis d’un temps à échéance résiduel inférieur à un an, placés par la clientèle de détail (particuliers et petites entreprises). Le coefficient ASF est de 60 % dans le cas des dépôts à vue dont un tiers non affilié gère directement les fonds. | D22: =IF(EXACT('Page Titre'!LANGUE_FR_ENG,"Fr"),MatchTrad!A349,MatchTrad!B349) -> 23 g)
A23: =NSFR!C22 -> 1130 | B23: =IF(EXACT('Page Titre'!LANGUE_FR_ENG,"Fr"),MatchTrad!A350,MatchTrad!B350) -> Dépôts soumis aux exigences de l'administration d'accueil | C23: =IF(EXACT('Page Titre'!LANGUE_FR_ENG,"Fr"),MatchTrad!A351,MatchTrad!B351) -> Pour calculer le LCR consolidé, les institutions doivent généralement appliquer les paramètres de liquidité énoncés dans la LDSL à toutes les entités consolidées. Toutefois, pour les dépôts de détail et de petites entreprises, comme indiqué au paragraphe 169 du LCR, les institutions doivent suivre les paramètres pertinents adoptés dans la juridiction d'accueil où elles sont présentes. Les dépôts de détail et de petites entreprises assujettis au régime de la juridiction d'accueil sont déclarés dans le LCR selon le coefficient de pondération applicable dans la juridiction d'accueil. Ces dépôts moins stables assujettis aux exigences du système hôte doivent être déclarés sous l’identifiant 1130. Les montants prépondérés doivent être déclarés aux colonnes appropriées selon la durée des dépôts. Le coefficent ASF calculé pour chaque terme doit correspondre au coefficient ASF moyen pondéré applicable à chaque terme de dépôt. Par exemple, si une institution a des dépôts sans échéance de 10 $ qui sont assujettis à un ASF de 15 % dans la juridiction d'accueil et de 25 $ à un ASF de 40 %, 35 $ doivent être déclarés à la colonne "Sans-terme (colonne D)" et 11,5 $ à la colonne "Sans-terme (colonne L)". Un coefficient ASF de 100 % devrait être attribué aux dépôts dont l’échéance résiduelle est supérieure à un an, quel que soit le taux en vigueur dans la juridiction d’accueil. Les passifs dans cette catégorie sont les dépôts « moins stables » (tels qu’ils sont définis au chapitre 2) à vue (sans échéance) et/ou à terme, assortis d’un temps à échéance résiduel inférieur à un an, placés par la clientèle de détail (particuliers et petites entreprises). Les coefficients ASF alors appliqués sont soumis aux exigences du territoire d'accueil.
A24: 1140 | B24: =IF(EXACT('Page Titre'!LANGUE_FR_ENG,"Fr"),MatchTrad!A352,MatchTrad!B352) -> Financement non garanti provenant d’entreprises non financières | C24: =IF(EXACT('Page Titre'!LANGUE_FR_ENG,"Fr"),MatchTrad!A353,MatchTrad!B353) -> Les financements non garantis, les dépôts sans échéance et/ou les dépôts à terme provenant d'entreprises non financières (sauf la clientèle de petites entreprises). | D24: =IF(EXACT('Page Titre'!LANGUE_FR_ENG,"Fr"),MatchTrad!A354,MatchTrad!B354) -> 21 c), 24 a)
A25: =A24+10 -> 1150 | B25: =IF(EXACT('Page Titre'!LANGUE_FR_ENG,"Fr"),MatchTrad!A355,MatchTrad!B355) -> Dépôt opérationnel (défini dans le périmètre du LCR) | C25: =IF(EXACT('Page Titre'!LANGUE_FR_ENG,"Fr"),MatchTrad!A356,MatchTrad!B356) -> Les institutions devraient déclarer la portion des dépôts non garantis provenant d'entreprises non financières ayant des relations opérationnelles, telles qu'elles sont définies dans la norme LCR. | D25: =IF(EXACT('Page Titre'!LANGUE_FR_ENG,"Fr"),MatchTrad!A357,MatchTrad!B357) -> Chapitre 2, par. 93-104
A26: =A25+10 -> 1160 | B26: =IF(EXACT('Page Titre'!LANGUE_FR_ENG,"Fr"),MatchTrad!A358,MatchTrad!B358) -> Dépôt non opérationnel (défini dans le périmètre du LCR) | C26: =IF(EXACT('Page Titre'!LANGUE_FR_ENG,"Fr"),MatchTrad!A359,MatchTrad!B359) -> Les institutions devraient déclarer la portion des dépôts non garantis provenant d'entreprises non financières sans relations opérationnelles, telles qu'elles sont définies dans la norme LCR. | D26: =IF(EXACT('Page Titre'!LANGUE_FR_ENG,"Fr"),MatchTrad!A360,MatchTrad!B360) -> Chapitre 2, par. 107-108
A27: =A26+10 -> 1170 | B27: =IF(EXACT('Page Titre'!LANGUE_FR_ENG,"Fr"),MatchTrad!A361,MatchTrad!B361) -> Fonds non garantis autres que des dépôts | C27: =IF(EXACT('Page Titre'!LANGUE_FR_ENG,"Fr"),MatchTrad!A362,MatchTrad!B362) -> Les institutions devraient déclarer les financements non garantis autres que des dépôts fournis par des entreprises non financières. | D27: =IF(EXACT('Page Titre'!LANGUE_FR_ENG,"Fr"),MatchTrad!A363,MatchTrad!B363) -> 24 c and d)
A28: =A27+10 -> 1180 | B28: =IF(EXACT('Page Titre'!LANGUE_FR_ENG,"Fr"),MatchTrad!A364,MatchTrad!B364) -> Financement non garanti provenant de banques centrales | C28: =IF(EXACT('Page Titre'!LANGUE_FR_ENG,"Fr"),MatchTrad!A365,MatchTrad!B365) -> Les institutions devraient déclarer les financements non garantis, les dépôts sans échéance et/ou les dépôts à terme provenant de banques centrales. | D28: =IF(EXACT('Page Titre'!LANGUE_FR_ENG,"Fr"),MatchTrad!A366,MatchTrad!B366) -> 21 c), 24 b), 24 d), 25 a)
A29: =A28+10 -> 1190 | B29: =IF(EXACT('Page Titre'!LANGUE_FR_ENG,"Fr"),MatchTrad!A367,MatchTrad!B367) -> Dépôt opérationnel (défini dans le périmètre du LCR) | C29: =IF(EXACT('Page Titre'!LANGUE_FR_ENG,"Fr"),MatchTrad!A368,MatchTrad!B368) -> Les institutions devraient déclarer la portion des dépôts non garantis provenant de banques centrales ayant des relations opérationnelles, telles qu'elles sont définies dans la norme LCR. | D29: =IF(EXACT('Page Titre'!LANGUE_FR_ENG,"Fr"),MatchTrad!A369,MatchTrad!B369) -> Chapitre 2, par. 93-104
A30: =A29+10 -> 1200 | B30: =IF(EXACT('Page Titre'!LANGUE_FR_ENG,"Fr"),MatchTrad!A370,MatchTrad!B370) -> Dépôt non opérationnel (défini dans le périmètre du LCR) | C30: =IF(EXACT('Page Titre'!LANGUE_FR_ENG,"Fr"),MatchTrad!A371,MatchTrad!B371) -> Les institutions devraient déclarer la portion des dépôts non garantis fournis par des banques centrales sans relations opérationnelles, telles qu'elles sont définies dans la norme LCR. | D30: =IF(EXACT('Page Titre'!LANGUE_FR_ENG,"Fr"),MatchTrad!A372,MatchTrad!B372) -> Chapitre 2, par. 107-108
A31: =A30+10 -> 1210 | B31: =IF(EXACT('Page Titre'!LANGUE_FR_ENG,"Fr"),MatchTrad!A373,MatchTrad!B373) -> Fonds non garantis autres que des dépôts | C31: =IF(EXACT('Page Titre'!LANGUE_FR_ENG,"Fr"),MatchTrad!A374,MatchTrad!B374) -> Les institutions devraient déclarer les financements non garantis autres que des dépôts fournis par des banques centrales. | D31: =IF(EXACT('Page Titre'!LANGUE_FR_ENG,"Fr"),MatchTrad!A375,MatchTrad!B375) -> 24 c and d)
A32: =A31+10 -> 1220 | B32: =IF(EXACT('Page Titre'!LANGUE_FR_ENG,"Fr"),MatchTrad!A376,MatchTrad!B376) -> Financement non garanti provenant d'États souverains/OP/BMD/BND | C32: =IF(EXACT('Page Titre'!LANGUE_FR_ENG,"Fr"),MatchTrad!A377,MatchTrad!B377) -> Les institutions devraient déclarer les financements non garantis, les dépôts sans échéance et/ou les dépôts à terme provenant d'entités souveraines, d'organismes publics, de banques multilatérales de développement et des banques nationales de développement (BND). Elles devraient inclure sur cette ligne les fonds non garantis reçus de la Banque des règlements internationaux, du Fonds monétaire international et de la Commission européenne. | D32: =IF(EXACT('Page Titre'!LANGUE_FR_ENG,"Fr"),MatchTrad!A378,MatchTrad!B378) -> 21 c), 24 c )
A33: =A32+10 -> 1230 | B33: =IF(EXACT('Page Titre'!LANGUE_FR_ENG,"Fr"),MatchTrad!A379,MatchTrad!B379) -> Dépôt opérationnel (défini dans le périmètre du LCR) | C33: =IF(EXACT('Page Titre'!LANGUE_FR_ENG,"Fr"),MatchTrad!A380,MatchTrad!B380) -> Les institutions devraient déclarer la portion des dépôts non garantis provenant d'entités souveraines, d'organismes publics et de banques multilatérales de développements ayant des relations opérationnelles, telles qu'elles sont définies dans la norme LCR. | D33: =IF(EXACT('Page Titre'!LANGUE_FR_ENG,"Fr"),MatchTrad!A381,MatchTrad!B381) -> Chapitre 2, par. 93-104
A34: =A33+10 -> 1240 | B34: =IF(EXACT('Page Titre'!LANGUE_FR_ENG,"Fr"),MatchTrad!A382,MatchTrad!B382) -> Dépôt non opérationnel (défini dans le périmètre du LCR) | C34: =IF(EXACT('Page Titre'!LANGUE_FR_ENG,"Fr"),MatchTrad!A383,MatchTrad!B383) -> Les institutions devraient déclarer la portion des dépôts non garantis fournis par des entités souveraines, des organismes publics et des banques multilatérales de développement sans relations opérationnelles, telles qu'elles sont définies dans la norme LCR. | D34: =IF(EXACT('Page Titre'!LANGUE_FR_ENG,"Fr"),MatchTrad!A384,MatchTrad!B384) -> Chapitre 2, par. 107-108
A35: =A34+10 -> 1250 | B35: =IF(EXACT('Page Titre'!LANGUE_FR_ENG,"Fr"),MatchTrad!A385,MatchTrad!B385) -> Fonds non garantis autres que des dépôts | C35: =IF(EXACT('Page Titre'!LANGUE_FR_ENG,"Fr"),MatchTrad!A386,MatchTrad!B386) -> Les institutions devraient déclarer les financements non garantis autres que les dépôts fournis par des entités souveraines, des organismes publics et des banques multilatérales de développement. | D35: =IF(EXACT('Page Titre'!LANGUE_FR_ENG,"Fr"),MatchTrad!A387,MatchTrad!B387) -> 24 c and d)
A36: =A35+10 -> 1260 | B36: =IF(EXACT('Page Titre'!LANGUE_FR_ENG,"Fr"),MatchTrad!A388,MatchTrad!B388) -> Financement non garanti provenant d'autres entités juridiques (y compris des sociétés financières et des institutions financières) | C36: =IF(EXACT('Page Titre'!LANGUE_FR_ENG,"Fr"),MatchTrad!A389,MatchTrad!B389) -> Le montant total des emprunts et autres passifs non garantis (dont les dépôts à terme) ne figurant pas aux identifiants 1140 à 1250, qui constituent le financement provenant d'autres entités juridiques (y compris des sociétés financières et des institutions financières (sauf les institutions membres du même réseau coopératif). Conformément aux paragraphes 131 d) et e) de la norme LCR ainsi qu'au paragraphe 16 de la norme NSFR, les institutions, les entreprises d'investissement, les sociétés d'assurance, les fiduciaires (dans ce contexte, un « fiduciaire » est une entité juridique autorisée à gérer des actifs pour le compte d’un tiers, y compris les structures de gestion d’actifs telles que les caisses de retraite et les autres véhicules d’investissement collectif) et les bénéficiaires (dans ce contexte, un « bénéficiaire » est une entité juridique qui bénéficie de prestations, ou qui peut être habilitée à en bénéficier, au titre d’un testament, d’une police d’assurance, d’un régime de retraite, d’un contrat de rente, d’une fiducie, ou d’un autre contrat) sont considérés comme des institutions financières pour l'application de la norme NSFR. | D36: =IF(EXACT('Page Titre'!LANGUE_FR_ENG,"Fr"),MatchTrad!A390,MatchTrad!B390) -> 21 c), 24 b), 24 d), 25 a)
A37: =A36+10 -> 1270 | B37: =IF(EXACT('Page Titre'!LANGUE_FR_ENG,"Fr"),MatchTrad!A391,MatchTrad!B391) -> Dépôt opérationnel (défini dans le périmètre du LCR) | C37: =IF(EXACT('Page Titre'!LANGUE_FR_ENG,"Fr"),MatchTrad!A392,MatchTrad!B392) -> Les institutions devraient déclarer le montant total des dépôts non garantis provenant d'autres entités juridiques ayant des relations opérationnelles, telles qu'elles sont définies dans la norme LCR. | D37: =IF(EXACT('Page Titre'!LANGUE_FR_ENG,"Fr"),MatchTrad!A393,MatchTrad!B393) -> Chapitre 2, par. 93-104
A38: =A37+10 -> 1280 | B38: =IF(EXACT('Page Titre'!LANGUE_FR_ENG,"Fr"),MatchTrad!A394,MatchTrad!B394) -> Dépôt non opérationnel (défini dans le périmètre du LCR) | C38: =IF(EXACT('Page Titre'!LANGUE_FR_ENG,"Fr"),MatchTrad!A395,MatchTrad!B395) -> Les institutions devraient déclarer le montant total des dépôts non garantis fournis par d'autres entités juridiques sans relations opérationnelles, telles qu'elles sont définies dans la norme LCR. | D38: =IF(EXACT('Page Titre'!LANGUE_FR_ENG,"Fr"),MatchTrad!A396,MatchTrad!B396) -> Chapitre 2, par. 107-108
A39: =A38+10 -> 1290 | B39: =IF(EXACT('Page Titre'!LANGUE_FR_ENG,"Fr"),MatchTrad!A397,MatchTrad!B397) -> Fonds non garantis autres que des dépôts | C39: =IF(EXACT('Page Titre'!LANGUE_FR_ENG,"Fr"),MatchTrad!A398,MatchTrad!B398) -> Les institutions devraient déclarer les financements non garantis autres que les dépôts fournis par d'autres entités juridiques (y compris des sociétés financières et des institutions financières). Les institutions devraient déclarer ici tous les financements non garantis autres que les dépôts pour lesquels une contrepartie ne peut être déterminée (et qui ne sont donc pas déclarés aux identifiants 1170, 1210 ou 1250), comme les émissions de titres de créance non garantis. | D39: =IF(EXACT('Page Titre'!LANGUE_FR_ENG,"Fr"),MatchTrad!A399,MatchTrad!B399) -> 24 c and d)
A40: =A39+10 -> 1300 | B40: =IF(EXACT('Page Titre'!LANGUE_FR_ENG,"Fr"),MatchTrad!A400,MatchTrad!B400) -> Dépôts provenant de membres d'une même coopératives à l'intérieur d'une fédération sousmise à la discrétion nationale énoncée au paragraphe 25 (a) | C40: =IF(EXACT('Page Titre'!LANGUE_FR_ENG,"Fr"),MatchTrad!A401,MatchTrad!B401) -> Cette ligne devrait uniquement servir à déclarer les dépôts entre les institutions d'un même réseau coopératif. Les dépôts qui sont des dépôts opérationnels selon les paragraphes 93 à 104 du chapitre 2 de la LDSL, ou les autres dépôts de membres de leur réseau coopératif devraient être déclarés à l'identifiant 1310. | D40: =IF(EXACT('Page Titre'!LANGUE_FR_ENG,"Fr"),MatchTrad!A402,MatchTrad!B402) -> 25 a), 21 c)
A41: =A40+10 -> 1310 | B41: =IF(EXACT('Page Titre'!LANGUE_FR_ENG,"Fr"),MatchTrad!A403,MatchTrad!B403) -> Autres dépôts provenant de membres d'une coopératives à l'intérieur d'une fédération | C41: =IF(EXACT('Page Titre'!LANGUE_FR_ENG,"Fr"),MatchTrad!A404,MatchTrad!B404) -> Les institutions devraient déclarer les dépôts d'institutions qui sont membres du même réseau coopératif et les dépôts opérationnels selon les paragraphes 93 à 104 du chapitre 2 de la LDSL, ou les autres dépôts de membres de leur réseau coopératif qui n'apparaissent pas à l'identifiant 1300. | D41: =IF(EXACT('Page Titre'!LANGUE_FR_ENG,"Fr"),MatchTrad!A405,MatchTrad!B405) -> 25 a), 21 c)
A42: =A41+10 -> 1320 | B42: =IF(EXACT('Page Titre'!LANGUE_FR_ENG,"Fr"),MatchTrad!A406,MatchTrad!B406) -> Acceptations bancaires estampillées | C42: =IF(EXACT('Page Titre'!LANGUE_FR_ENG,"Fr"),MatchTrad!A407,MatchTrad!B407) -> Les passifs des acceptations bancaires estampillées émis par une institution. Les passifs des acceptations bancaires dont l’échéance résiduelle est inférieure à six mois recevront un coefficient ASF de 0 %, sans égard à la contrepartie détenant l’acceptation. | D42: 25
A43: =IF(EXACT('Page Titre'!LANGUE_FR_ENG,"Fr"),MatchTrad!A408,MatchTrad!B408) -> 1330 à 1370 | B43: =IF(EXACT('Page Titre'!LANGUE_FR_ENG,"Fr"),MatchTrad!A409,MatchTrad!B409) -> Emprunts garantis et passifs (y compris les dépôts à terme garantis), provenant de : | C43: =IF(EXACT('Page Titre'!LANGUE_FR_ENG,"Fr"),MatchTrad!A410,MatchTrad!B410) -> Le montant total des emprunts et autres passifs garantis (dont les dépôts à terme). Les « financements garantis » désignent les passifs et obligations générales qui sont garantis par des droits juridiquement reconnus sur des actifs spécifiquement désignés détenus par l'institution emprunteuse, en cas de faillite, d’insolvabilité, de liquidation ou de résolution. | D43: =IF(EXACT('Page Titre'!LANGUE_FR_ENG,"Fr"),MatchTrad!A411,MatchTrad!B411) -> 21 c), 24, c), and d) and 25 a)
A44: 1330 | B44: =IF(EXACT('Page Titre'!LANGUE_FR_ENG,"Fr"),MatchTrad!A412,MatchTrad!B412) -> Particuliers et petites entreprises | C44: =IF(EXACT('Page Titre'!LANGUE_FR_ENG,"Fr"),MatchTrad!A413,MatchTrad!B413) -> Le montant total des emprunts garantis et des passifs (y compris les dépôts à terme) de la clientèle de détail et de petites entreprises. | D44: =IF(EXACT('Page Titre'!LANGUE_FR_ENG,"Fr"),MatchTrad!A414,MatchTrad!B414) -> 21 c), 24 a), c), and d) and 25 a)
A45: =A44+10 -> 1340 | B45: =IF(EXACT('Page Titre'!LANGUE_FR_ENG,"Fr"),MatchTrad!A415,MatchTrad!B415) -> Entreprises non financières | C45: =IF(EXACT('Page Titre'!LANGUE_FR_ENG,"Fr"),MatchTrad!A416,MatchTrad!B416) -> Le montant total des emprunts garantis et des passifs (y compris les dépôts à terme) d'entreprises non financières. | D45: =IF(EXACT('Page Titre'!LANGUE_FR_ENG,"Fr"),MatchTrad!A417,MatchTrad!B417) -> 21 c), 24 a), c), and d) and 25 a)
A46: =A45+10 -> 1350 | B46: =IF(EXACT('Page Titre'!LANGUE_FR_ENG,"Fr"),MatchTrad!A418,MatchTrad!B418) -> Banques centrales | C46: =IF(EXACT('Page Titre'!LANGUE_FR_ENG,"Fr"),MatchTrad!A419,MatchTrad!B419) -> Le montant total des emprunts garantis et des passifs (y compris les dépôts à terme) des banques centrales. | D46: =IF(EXACT('Page Titre'!LANGUE_FR_ENG,"Fr"),MatchTrad!A420,MatchTrad!B420) -> 21 c), 24 a), c), and d) and 25 a)
A47: =A46+10 -> 1360 | B47: =IF(EXACT('Page Titre'!LANGUE_FR_ENG,"Fr"),MatchTrad!A421,MatchTrad!B421) -> États souverains/OP/BMD/BND | C47: =IF(EXACT('Page Titre'!LANGUE_FR_ENG,"Fr"),MatchTrad!A422,MatchTrad!B422) -> Le montant total des emprunts garantis et des passifs (y compris les dépôts à terme) auprès d’entités souveraines, d’entités du secteur public, de banques multilatérales de développement et de banques nationales de développement. | D47: =IF(EXACT('Page Titre'!LANGUE_FR_ENG,"Fr"),MatchTrad!A423,MatchTrad!B423) -> 21 c), 24 a), c), and d) and 25 a)
A48: =A47+10 -> 1370 | B48: =IF(EXACT('Page Titre'!LANGUE_FR_ENG,"Fr"),MatchTrad!A424,MatchTrad!B424) -> Autres entités juridiques (y compris des sociétés financières et des institutions financières) | C48: =IF(EXACT('Page Titre'!LANGUE_FR_ENG,"Fr"),MatchTrad!A425,MatchTrad!B425) -> Le montant total des emprunts et autres passifs garantis (dont les dépôts à terme) provenant d'autres entités juridiques (y compris des sociétés financières et des institutions financières). Conformément aux paragraphes 131 d) et e) de la norme LCR ainsi qu'au paragraphe 16 de la norme NSFR, les institutions, les entreprises d'investissement, les sociétés d'assurance, les fiduciaires (dans ce contexte, un « fiduciaire » est une entité juridique autorisée à gérer des actifs pour le compte d’un tiers, y compris les structures de gestion d’actifs telles que les caisses de retraite et autres véhicules d’investissement collectif) et les bénéficiaires (dans ce contexte, un « bénéficiaire » est une entité juridique qui bénéficie de prestations, ou qui peut être habilitée à en bénéficier, au titre d’un testament, d’une police d’assurance, d’un régime de retraite, d’un contrat de rente, d’une fiducie, ou d’un autre contrat) sont considérés comme des institutions financières pour l'application de la norme NSFR. | D48: =IF(EXACT('Page Titre'!LANGUE_FR_ENG,"Fr"),MatchTrad!A426,MatchTrad!B426) -> 21 c), 24 a), c), and d) and 25 a)
A49: =A48+10 -> 1380 | B49: =IF(EXACT('Page Titre'!LANGUE_FR_ENG,"Fr"),MatchTrad!A427,MatchTrad!B427) -> Passifs des OFT admissibles au traitement de « portefeuille équilibré » | C49: =IF(EXACT('Page Titre'!LANGUE_FR_ENG,"Fr"),MatchTrad!A428,MatchTrad!B428) -> Passifs liés aux opérations de financement garanties (p. ex., prises en pension) qui satisfont aux exigences du paragraphe 33 pour le traitement des portefeuilles appariés. Le montant du passif doit correspondre au montant de l’actif des opérations de financement garanties appariées. Les institutions devraient déclarer les mises en pension figurant au bilan en tant que prêts en espèces garantis et dépôts placés. | D49: 33.4
A50: =A49+10 -> 1390 | B50: =IF(EXACT('Page Titre'!LANGUE_FR_ENG,"Fr"),MatchTrad!A429,MatchTrad!B429) -> Passifs dérivés, sans la marge de variation donnée | C50: =IF(EXACT('Page Titre'!LANGUE_FR_ENG,"Fr"),MatchTrad!A430,MatchTrad!B430) -> Les dérivés au passif sont déclarés d’abord sur la base du coût de remplacement des contrats dérivés (obtenu par une évaluation au prix du marché) dont la valeur est négative. Lorsqu’il existe un contrat de compensation bilatérale admissible qui répond aux conditions énoncées dans l’Annexe 1-II de la LDCID, le coût de remplacement des expositions sur dérivés couvertes par le contrat sera le coût de remplacement net. La valeur déclarée ici devrait être un montant brut. Autrement dit, elle devrait représenter les dérivés au passif avant déduction de la marge de variation constituée. Les opérations sur instruments dérivés avec les banques centrales découlant de la politique monétaire à court terme et des activités de liquidité de ces dernières peuvent être exclues du calcul du NSFR de l’institution déclarante et peuvent compenser les gains et pertes en capital non réalisés liés à ces opérations sur dérivés du financement stable disponible. Ces opérations comprennent les instruments dérivés sur devises, comme les swaps de devises, et doivent avoir une échéance de moins de six mois à l’origine. | D50: =IF(EXACT('Page Titre'!LANGUE_FR_ENG,"Fr"),MatchTrad!A431,MatchTrad!B431) -> 19, 25 a)
A51: =A50+10 -> 1400 | B51: =IF(EXACT('Page Titre'!LANGUE_FR_ENG,"Fr"),MatchTrad!A432,MatchTrad!B432) -> Marge de variation totale fournie | C51: =IF(EXACT('Page Titre'!LANGUE_FR_ENG,"Fr"),MatchTrad!A433,MatchTrad!B433) -> Les sûretés constituant la marge de variation de contrats dérivés, indépendamment du type d’actif. Dans la mesure où le référentiel comptable de l’institution reflète au bilan, concernant un contrat dérivé, un actif associé à une sûreté constitutive d’une marge de variation qui est déduite du montant du coût de remplacement aux fins du NSFR, cet actif ne doit pas être compris dans le calcul du RSF afin d’éviter un double comptage.
A52: =A51+10 -> 1410 | B52: =IF(EXACT('Page Titre'!LANGUE_FR_ENG,"Fr"),MatchTrad!A434,MatchTrad!B434) -> Passifs dérivés du NSFR (passifs dérivés moins sûretés totales données à titre de marge de variation sur les passifs dérivés) | C52: =IF(EXACT('Page Titre'!LANGUE_FR_ENG,"Fr"),MatchTrad!A435,MatchTrad!B435) -> Dans le calcul des dérivés au passif aux fins du NSFR, les sûretés constituant la marge de variation de contrats dérivés, indépendamment du type d’actif, doivent être déduites du montant négatif du coût de remplacement ou du coût de remplacement net négatif, le cas échéant. Le calcul doit aussi déduire les actifs d’instruments dérivés du NSFR calculés conformément aux paragraphes 34 et 35, s'ils sont supérieurs. | D52: =IF(EXACT('Page Titre'!LANGUE_FR_ENG,"Fr"),MatchTrad!A436,MatchTrad!B436) -> 19, 20, 25 d)
A53: =A52+10 -> 1420 | B53: =IF(EXACT('Page Titre'!LANGUE_FR_ENG,"Fr"),MatchTrad!A437,MatchTrad!B437) -> Marge initiale totale reçue | C53: =IF(EXACT('Page Titre'!LANGUE_FR_ENG,"Fr"),MatchTrad!A438,MatchTrad!B438) -> La totalité des espèces, des titres ou des autres actifs reçus comme marge initiale de tous les contrats dérivés (par exemple, tout montant indépendant reçu relativement aux contrats hors cote).
A54: =A53+10 -> 1430 | B54: =IF(EXACT('Page Titre'!LANGUE_FR_ENG,"Fr"),MatchTrad!A439,MatchTrad!B439) -> Marge initiale reçue sous forme d'espèces | C54: =IF(EXACT('Page Titre'!LANGUE_FR_ENG,"Fr"),MatchTrad!A440,MatchTrad!B440) -> Les espèces reçues comme marge initiale des contrats dérivés.
A55: =A54+10 -> 1440 | B55: =IF(EXACT('Page Titre'!LANGUE_FR_ENG,"Fr"),MatchTrad!A441,MatchTrad!B441) -> Marge initiale reçue sous forme de titres de niveau 1 | C55: =IF(EXACT('Page Titre'!LANGUE_FR_ENG,"Fr"),MatchTrad!A442,MatchTrad!B442) -> La marge initiale reçue sous forme de titres de niveau 1 pour des contrats dérivés.
A56: =A55+10 -> 1450 | B56: =IF(EXACT('Page Titre'!LANGUE_FR_ENG,"Fr"),MatchTrad!A443,MatchTrad!B443) -> Marge initiale reçue sous forme de toutes les autres sûretés | C56: =IF(EXACT('Page Titre'!LANGUE_FR_ENG,"Fr"),MatchTrad!A444,MatchTrad!B444) -> La marge initiale reçue sous forme de sûretés autres que les espèces ou les titres de niveau 1 déclarés aux identifiants 1430 à 1440.
A57: =A56+10 -> 1460 | B57: =IF(EXACT('Page Titre'!LANGUE_FR_ENG,"Fr"),MatchTrad!A445,MatchTrad!B445) -> Marge initiale totale reçue, sous forme de tout type de sûreté, selon l'échéance résiduelle des contrats d'instruments dérivés associés | C57: =IF(EXACT('Page Titre'!LANGUE_FR_ENG,"Fr"),MatchTrad!A446,MatchTrad!B446) -> La totalité des espèces, des titres ou des autres actifs reçus comme marge initiale pour les contrats dérivés. Déclarer les soldes de la marge initiale dans cette catégorie selon l'échéance résiduelle du ou des contrats dérivés directement associés à la marge initiale. Dans le cas des sûretés regroupées, déclarer l’échéance des soldes de marge initiale selon l’échéance du contrat dérivé ayant l’échéance la plus longue dans la tranche de compensation applicable qui contribue à l’exigence de marge initiale. Les contrats qui se compensent entièrement (c’est-à-dire les positions longues et courtes dans des contrats identiques) et qui ne contribuent pas à l’exigence de marge initiale peuvent être exclus de la détermination de l’échéance. La somme de cette catégorie devrait correspondre à la marge initiale totale reçue déclarée à l'identifiant 1420 ci-dessus.
A58: =A57+10 -> 1470 | B58: =IF(EXACT('Page Titre'!LANGUE_FR_ENG,"Fr"),MatchTrad!A447,MatchTrad!B447) -> Passifs d'impôts futurs (PIF) | C58: =IF(EXACT('Page Titre'!LANGUE_FR_ENG,"Fr"),MatchTrad!A448,MatchTrad!B448) -> Les passifs d’impôt différé, qui devraient être traités selon la première date possible à laquelle un tel passif pourrait être réalisé. | D58: =IF(EXACT('Page Titre'!LANGUE_FR_ENG,"Fr"),MatchTrad!A449,MatchTrad!B449) -> 25 b)
A59: =A58+10 -> 1480 | B59: =IF(EXACT('Page Titre'!LANGUE_FR_ENG,"Fr"),MatchTrad!A450,MatchTrad!B450) -> Participations minoritaires | C59: =IF(EXACT('Page Titre'!LANGUE_FR_ENG,"Fr"),MatchTrad!A451,MatchTrad!B451) -> Les participations minoritaires devraient être traitées selon la durée de l’instrument, lequel est généralement perpétuel. | D59: =IF(EXACT('Page Titre'!LANGUE_FR_ENG,"Fr"),MatchTrad!A452,MatchTrad!B452) -> 25 b)
A60: =A59+10 -> 1490 | B60: =IF(EXACT('Page Titre'!LANGUE_FR_ENG,"Fr"),MatchTrad!A453,MatchTrad!B453) -> Créditeurs à la date de transaction | C60: =IF(EXACT('Page Titre'!LANGUE_FR_ENG,"Fr"),MatchTrad!A454,MatchTrad!B454) -> Les montants à payer à la date de la transaction au titre de l’achat d’instruments financiers, de devises et de produits de base i) dont le règlement est anticipé dans le cycle de règlement ou le délai habituel pour le marché organisé ou le type de transaction concerné, ou ii) qui ont donné lieu à un suspens, mais dont le règlement reste néanmoins attendu. | D60: =IF(EXACT('Page Titre'!LANGUE_FR_ENG,"Fr"),MatchTrad!A455,MatchTrad!B455) -> 25 d)
A61: =IF(EXACT('Page Titre'!LANGUE_FR_ENG,"Fr"),MatchTrad!A456,MatchTrad!B456) -> 1500 à 1530 | B61: =IF(EXACT('Page Titre'!LANGUE_FR_ENG,"Fr"),MatchTrad!A457,MatchTrad!B457) -> Passifs interdépendants, dont : | C61: =IF(EXACT('Page Titre'!LANGUE_FR_ENG,"Fr"),MatchTrad!A458,MatchTrad!B458) -> Déclarer ici les éléments de passif interdépendants conformément au paragraphe 45 de la norme sur le NSFR. Les élément de passif déclarés ici doivent correspondre aux éléments d'actif interdépendants correspondants. Les actifs et passifs interdépendants ne sont pas censés être appliqués aux transactions sur dérivés, étant donné que les dérivés remplissent rarement l'ensemble des critères énoncés au paragraphe 45. | D61: 45
A62: 1540 | B62: =IF(EXACT('Page Titre'!LANGUE_FR_ENG,"Fr"),MatchTrad!A459,MatchTrad!B459) -> Toutes les autres catégories de passifs et d'avoirs propres non prises en compte ci-dessus | C62: =IF(EXACT('Page Titre'!LANGUE_FR_ENG,"Fr"),MatchTrad!A460,MatchTrad!B460) -> Tous les autres passifs de l’institution (non déclarés autrement dans les catégories ci-dessus) devraient être comptabilisés sur cette ligne à leur valeur comptable. La valeur des positions courtes et des positions à échéance ouverte devrait être déclarée dans la colonne "Sans terme". Note : Les déductions des fonds propres ne devraient pas être incluses dans le montant déclaré à ce poste et devraient plutôt être déclarées conformément aux instructions de l’identifiant 2930 ci-dessous. | D62: =IF(EXACT('Page Titre'!LANGUE_FR_ENG,"Fr"),MatchTrad!A461,MatchTrad!B461) -> 21 c), 24 d), 25 a), 25 b)
A63: 1600 | B63: =IF(EXACT('Page Titre'!LANGUE_FR_ENG,"Fr"),MatchTrad!A462,MatchTrad!B462) -> Dépôts stables issus de partenariats | C63: =IF(EXACT('Page Titre'!LANGUE_FR_ENG,"Fr"),MatchTrad!A463,MatchTrad!B463) -> Dépôts provenant d’un accord de partenariat pour lesquels le montant intégral du dépôt est assuré, le client a une relation durable avec le tiers non affilié, et le compte du client est un compte transactionnel. | D63: 23
A64: 1610 | B64: =IF(EXACT('Page Titre'!LANGUE_FR_ENG,"Fr"),MatchTrad!A464,MatchTrad!B464) -> Billets structurés de détail non négociables en bourse | C64: =IF(EXACT('Page Titre'!LANGUE_FR_ENG,"Fr"),MatchTrad!A465,MatchTrad!B465) -> Billets structurés de détail qui ne sont pas négociables en bourse. | D64: 23
A65: 1620 | B65: =IF(EXACT('Page Titre'!LANGUE_FR_ENG,"Fr"),MatchTrad!A466,MatchTrad!B466) -> Dépôts provenant d'intermédiaires financiers non bancaires assortis de caractéristiques de détail sous-jacentes | C65: =IF(EXACT('Page Titre'!LANGUE_FR_ENG,"Fr"),MatchTrad!A467,MatchTrad!B467) -> Dépôts provenant d’Intermédiaires financiers non bancaires qui sont assortis de caractéristiques de détail sous-jacentes et motivés par des activités de détail, mais ne relèvent pas d’un accord effectif. | D65: 25
A66: =IF(EXACT('Page Titre'!LANGUE_FR_ENG,"Fr"),MatchTrad!A468,MatchTrad!B468) -> Partie 2 - Financement stable exigé (RSF)
A67: =IF(EXACT('Page Titre'!LANGUE_FR_ENG,"Fr"),MatchTrad!A469,MatchTrad!B469) -> 2.1 Postes au bilan
A68: =IF(EXACT('Page Titre'!LANGUE_FR_ENG,"Fr"),MatchTrad!A470,MatchTrad!B470) -> Pour calculer le montant de financement stable exigé (Required stable funding ou RSF), on associe, dans un premier temps, la valeur comptable des actifs de l'institution financière à l'une des catégories indiquées ci-dessous, qui figurent également dans la liste reproduite dans le Tableau 6.2 du chapitre 6 de la LDSL. Le montant associé à chacune des catégories est ensuite multiplié par un coefficient RSF, et le montant total du RSF correspond à la somme des montants ainsi pondérés. La valeur comptable d’un actif devrait généralement être enregistrée nette de provisions particulières. On notera que les définitions prévues dans la LDSL correspondent à celles de la norme LCR, sauf indication contraire. De plus, aux fins du calcul du NSFR, un actif liquide de haute qualité (ALHQ, ou HQLA en anglais) est défini comme incluant tous les ALHQ (définis aux paragraphes 24 à 54 de la norme LCR), sans tenir compte des exigences opérationnelles (définies aux paragraphes 28 à 43 de la norme LCR) et des plafonds du LCR applicables aux actifs de niveau 2 et de niveau 2B susceptibles d'empêcher certains ALHQ d'être considérés comme admissibles aux fins du calcul du LCR. Les actifs déduits des fonds propres devraient être déclarés dans les catégories d'actifs pertinentes indiquées. Le traitement de l'échéance est décrit aux paragraphes 29 et 30 du chapitre 6 de la LDSL.
A69: =NSFR!C78 -> 2000 | B69: =IF(EXACT('Page Titre'!LANGUE_FR_ENG,"Fr"),MatchTrad!A471,MatchTrad!B471) -> Pièces et billets de banque | C69: =IF(EXACT('Page Titre'!LANGUE_FR_ENG,"Fr"),MatchTrad!A472,MatchTrad!B472) -> Les pièces et les billets d'institutions actuellement détenus et disponibles pour s'acquitter d'obligations. Cette ligne ne devrait pas servir à indiquer les prêts à des contreparties. | D69: =IF(EXACT('Page Titre'!LANGUE_FR_ENG,"Fr"),MatchTrad!A473,MatchTrad!B473) -> 36 a)
A70: =NSFR!C79 -> 2010 | B70: =IF(EXACT('Page Titre'!LANGUE_FR_ENG,"Fr"),MatchTrad!A474,MatchTrad!B474) -> Réserves totales détenues auprès de la banque centrale | C70: =IF(EXACT('Page Titre'!LANGUE_FR_ENG,"Fr"),MatchTrad!A475,MatchTrad!B475) -> Le montant total des réserves détenues auprès de la banque centrale (y compris les réserves obligatoires et les réserves excédentaires), incluant les dépôts à un jour des institutions financières auprès de la banque centrale. | D70: =IF(EXACT('Page Titre'!LANGUE_FR_ENG,"Fr"),MatchTrad!A476,MatchTrad!B476) -> 36 b)
A71: =NSFR!C80 -> 2020 | B71: =IF(EXACT('Page Titre'!LANGUE_FR_ENG,"Fr"),MatchTrad!A477,MatchTrad!B477) -> Réserves requises auprès de la banque centrale | C71: =IF(EXACT('Page Titre'!LANGUE_FR_ENG,"Fr"),MatchTrad!A478,MatchTrad!B478) -> Le montant total des réserves détenues auprès de la banque centrale en lien avec les obligations réglementaires de dépôt minimal. | D71: 36
A72: =IF(EXACT('Page Titre'!LANGUE_FR_ENG,"Fr"),MatchTrad!A479,MatchTrad!B479) -> 2030 to 2040 | B72: =IF(EXACT('Page Titre'!LANGUE_FR_ENG,"Fr"),MatchTrad!A480,MatchTrad!B480) -> Actifs des OFT admissibles au traitement de « portefeuille équilibré » | C72: =IF(EXACT('Page Titre'!LANGUE_FR_ENG,"Fr"),MatchTrad!A481,MatchTrad!B481) -> Les institutions financières devraient déclarer dans cette catégorie les actifs des opérations de financement garanties (par exemple, les prises en pension) répondant aux exigences du paragraphe 33 du NSFR pour le traitement de portfeuille équilibré. Le montant de l’actif doit être égal au montant du passif correspondant des opérations de financement garanties. Les opérations de prise en pension consignées au bilan comme des prêts et des dépôts en espèces garantis ayant été placés ne devraient pas être déclarées dans cette catégorie, mais plutôt avec les prêts aux institutions financières, aux identifiants 2060 à 2170. Les titres en défaut ne devraient pas être déclarés dans cette catégorie, mais plutôt à l'identifiant 2780. | D72: 33.4
A73: =NSFR!C84 -> 2050 | B73: =IF(EXACT('Page Titre'!LANGUE_FR_ENG,"Fr"),MatchTrad!A482,MatchTrad!B482) -> Dépots détenus par d'autres coopératives membres d'une même coopératives à l'intérieur d'une fédération | C73: =IF(EXACT('Page Titre'!LANGUE_FR_ENG,"Fr"),MatchTrad!A483,MatchTrad!B483) -> Conformément au paragraphe 25 a) de la norme NSFR, cette partie ne devrait servir qu'à déclarer les dépôts détenus par des coopératives d'un même réseau, pourvu qu'ils soient reçus au titre du partage des tâches et autres arrangements juridiques, réglementaires ou contractuels, pour autant que la coopérative qui place le dépôt et celle qui le reçoit participent au même système de protection mutuel contre le risque d'illiquidité et d'insolvabilité de leurs membres. Les dépôts déclarés dans cette catégorie ne devraient l'être dans aucune autre catégorie RSF. | D73: 25
A74: =IF(EXACT('Page Titre'!LANGUE_FR_ENG,"Fr"),MatchTrad!A484,MatchTrad!B484) -> 2060 à 2170 | B74: =IF(EXACT('Page Titre'!LANGUE_FR_ENG,"Fr"),MatchTrad!A485,MatchTrad!B485) -> Prêts à des institutions financières, dont : | C74: =IF(EXACT('Page Titre'!LANGUE_FR_ENG,"Fr"),MatchTrad!A486,MatchTrad!B486) -> Tous les prêts accordés à des institutions financières. Conformément aux paragraphes 131 d) et e) de la norme LCR et au paragraphe 16 de la norme NSFR, les institutions, les entreprises d'investissement, les sociétés d'assurance, les fiduciaires et les bénéficiaires sont considérés comme des institutions financières pour l'application de la norme NSFR. Dans le cas de prises en pension sans échéance, les soldes devraient généralement être déclarés comme ayant une échéance restante supérieure à un an sauf si les institutions financières peuvent démontrer à l'Autorité que ces prises en pension devraient arriver à échéance à une période différente. Les prêts improductifs ne devraient pas être inclus dans cette catégorie, mais plutôt à l'identifiant 2780. Les dépôts détenus auprès d'institutions financières à des fins opérationnelles ne devraient pas être déclarés ici, mais aux identifiants 2300 à 2330. | D74: =IF(EXACT('Page Titre'!LANGUE_FR_ENG,"Fr"),MatchTrad!A487,MatchTrad!B487) -> 31, 38, 39 b), 40 c), 43 a), 43 c)
A75: =IF(EXACT('Page Titre'!LANGUE_FR_ENG,"Fr"),MatchTrad!A488,MatchTrad!B488) -> 2060 à 2090 | B75: =IF(EXACT('Page Titre'!LANGUE_FR_ENG,"Fr"),MatchTrad!A489,MatchTrad!B489) -> Prêts à des institutions financières garantis par des sûretés de niveau 1, lorsque l'institution financière peut librement réutiliser la sûreté reçue pour la durée des prêts, dont : | C75: =IF(EXACT('Page Titre'!LANGUE_FR_ENG,"Fr"),MatchTrad!A490,MatchTrad!B490) -> Tous les prêts accordés à des institutions financières qui sont garantis par des actifs de niveau 1, tels qu'ils sont définis au paragraphe 50 de la norme LCR, lorsque l'institution financière a la capacité de réutiliser librement la sûreté reçue pendant la durée de vie du prêt. Déclarer les prêts aux institutions financières garantis par des actifs de niveau 1 lorsque l'institution n'a pas la capacité de réutiliser librement la sûreté reçue pendant la durée de vie du prêt aux identifiants 2100 à 2130 ci-dessous. | D75: =IF(EXACT('Page Titre'!LANGUE_FR_ENG,"Fr"),MatchTrad!A491,MatchTrad!B491) -> 31, 38, 40 c), 43 a), 43 c )
A76: =IF(EXACT('Page Titre'!LANGUE_FR_ENG,"Fr"),MatchTrad!A492,MatchTrad!B492) -> 2100 à 2130 | B76: =IF(EXACT('Page Titre'!LANGUE_FR_ENG,"Fr"),MatchTrad!A493,MatchTrad!B493) -> Prêts à des institutions financières garantis par des sûretés autres que de niveau 1, lorsque l'institution financière peut librement réutiliser la sûreté reçue pour la durée des prêts, dont : | C76: =IF(EXACT('Page Titre'!LANGUE_FR_ENG,"Fr"),MatchTrad!A494,MatchTrad!B494) -> Tous les autres prêts garantis accordés à des institutions financières, tant ceux garantis par des sûretés autres que des actifs de niveau 1 que ceux garantis par des actifs de niveau 1 lorsque l'institution n'a pas la capacité de réutiliser librement la sûreté reçue pendant la durée de vie du prêt. | D76: =IF(EXACT('Page Titre'!LANGUE_FR_ENG,"Fr"),MatchTrad!A495,MatchTrad!B495) -> 31, 39 b), 40 c), 43 a), 43 c )
A77: =IF(EXACT('Page Titre'!LANGUE_FR_ENG,"Fr"),MatchTrad!A496,MatchTrad!B496) -> 2140 à 2170 | B77: =IF(EXACT('Page Titre'!LANGUE_FR_ENG,"Fr"),MatchTrad!A497,MatchTrad!B497) -> Prêts non garantis à des institutions financières, dont : | C77: =IF(EXACT('Page Titre'!LANGUE_FR_ENG,"Fr"),MatchTrad!A498,MatchTrad!B498) -> Tous les prêts accordés à des institutions financières qui ne sont pas garantis. | D77: =IF(EXACT('Page Titre'!LANGUE_FR_ENG,"Fr"),MatchTrad!A499,MatchTrad!B499) -> 31, 39 b), 40 c), 43 a), 43 c )
A78: =IF(EXACT('Page Titre'!LANGUE_FR_ENG,"Fr"),MatchTrad!A500,MatchTrad!B500) -> 2180 à 2210 | B78: =IF(EXACT('Page Titre'!LANGUE_FR_ENG,"Fr"),MatchTrad!A501,MatchTrad!B501) -> Titres admissibles à titre d'ALHQ de niveau 1 pour le LCR, dont : | C78: =IF(EXACT('Page Titre'!LANGUE_FR_ENG,"Fr"),MatchTrad!A502,MatchTrad!B502) -> Les titres qui, s'ils n'étaient pas grevés, seraient considérés comme des actifs liquides de niveau 1 selon le paragraphe 50 de la norme LCR. Conformément au paragraphe 36-37 c), les titres d'État émis dans une devise étrangère qui ne sont pas admissibles à titre d'ALHQ selon le paragraphe 50 e) de la norme LCR (applicable aux titres de dette d'entités souveraines ou de banques centrales émis dans des devises étrangères qui ne sont pas calculables, puisque leur montant excède celui des sorties nettes de trésorerie que l'institution financière devrait effectuer en période de tensions dans cette devise et dans ce pays) peuvent être traités comme des actifs de niveau 1 aux fins du NSFR. Les titres qui seraient autrement admissibles, conformément à ce paragraphe, mais sont exclus pour des raisons opérationnelles ou autres, sont déclarés dans cette catégorie. Les pièces et les billets de banque, et les réserves détenues auprès de la banque centrale devraient être déclarés aux identifiants 2000, 2010 et 2020, respectivement, et non dans cette catégorie. Les titres en défaut ne devraient pas non plus y être inclus, mais plutôt être déclarés à l'identifiant 2780. | D78: =IF(EXACT('Page Titre'!LANGUE_FR_ENG,"Fr"),MatchTrad!A503,MatchTrad!B503) -> 31, 37, 40 b),43 a)
A79: =IF(EXACT('Page Titre'!LANGUE_FR_ENG,"Fr"),MatchTrad!A504,MatchTrad!B504) -> 2220 à 2250 | B79: =IF(EXACT('Page Titre'!LANGUE_FR_ENG,"Fr"),MatchTrad!A505,MatchTrad!B505) -> Titres admissibles à titre d'ALHQ de niveau 2A pour le LCR, dont : | C79: =IF(EXACT('Page Titre'!LANGUE_FR_ENG,"Fr"),MatchTrad!A506,MatchTrad!B506) -> Les titres qui, s'ils n'étaient pas grevés, seraient considérés comme des actifs liquides de niveau 2A, conformément au paragraphe 52 de la norme LCR. Les titres qui seraient autrement admissibles conformément à ce paragraphe, mais sont exclus parce qu'ils excèdent le plafond de 40 %, ou pour des raisons opérationnelles ou autres, sont déclarés dans cette catégorie. Les titres en défaut ne devraient pas y être inclus, mais devraient plutôt être déclarés à l'identifiant 2780. | D79: =IF(EXACT('Page Titre'!LANGUE_FR_ENG,"Fr"),MatchTrad!A507,MatchTrad!B507) -> 31, 39 a), 40 b), 43 a)
A80: =IF(EXACT('Page Titre'!LANGUE_FR_ENG,"Fr"),MatchTrad!A508,MatchTrad!B508) -> 2260 à 2290 | B80: =IF(EXACT('Page Titre'!LANGUE_FR_ENG,"Fr"),MatchTrad!A509,MatchTrad!B509) -> Titres admissibles à titre d'ALHQ de niveau 2B pour le LCR, dont : | C80: =IF(EXACT('Page Titre'!LANGUE_FR_ENG,"Fr"),MatchTrad!A510,MatchTrad!B510) -> Les titres qui, s'ils n'étaient pas grevés, seraient admissibles à titre d'actifs liquides de niveau 2B, conformément au paragraphe 54 de la norme LCR. Les titres qui seraient autrement admissibles conformément à ce paragraphe, mais sont exclus parce qu'ils excèdent les plafonds de 15 % ou de 40 %, ou pour des raisons opérationnelles ou autres, sont déclarés dans cette catégorie. Les titres en défaut ne devraient pas y être inclus, mais devraient plutôt être déclarés à l'identifiant 2780. | D80: =IF(EXACT('Page Titre'!LANGUE_FR_ENG,"Fr"),MatchTrad!A511,MatchTrad!B511) -> 31, 40 a), 40 b), 43 a)
A81: =IF(EXACT('Page Titre'!LANGUE_FR_ENG,"Fr"),MatchTrad!A512,MatchTrad!B512) -> 2300 à 2330 | B81: =IF(EXACT('Page Titre'!LANGUE_FR_ENG,"Fr"),MatchTrad!A513,MatchTrad!B513) -> Dépôts détenus par une institution financière à des fins opérationnelles, dont : | C81: =IF(EXACT('Page Titre'!LANGUE_FR_ENG,"Fr"),MatchTrad!A514,MatchTrad!B514) -> Les dépôts détenus auprès d'institutions financières, y compris celles qui sont soumises à une surveillance prudentielle, à des fins opérationnelles, tels qu'ils sont définis aux paragraphes 93 à 104 de la norme LCR. Les dépôts non opérationnels détenus auprès d’autres institutions financières devraient être inclus dans les prêts aux institutions financières (identifiants 2060 à 2090 ci-dessus), compte tenu de la durée de l'opération. C'est-à-dire que les dépôts à vue et les dépôts à terme d'une échéance résiduelle inférieure à six mois se voient assigner un coefficient RSF de 15 %, et que les dépôts à terme dont l'échéance résiduelle est comprise entre six mois et moins d'un an se voient assigner un coefficient de 50 %, ou de 100 % si l'échéance dépasse un an. | D81: =IF(EXACT('Page Titre'!LANGUE_FR_ENG,"Fr"),MatchTrad!A515,MatchTrad!B515) -> 31, 40 d), 43 a)
A82: =IF(EXACT('Page Titre'!LANGUE_FR_ENG,"Fr"),MatchTrad!A516,MatchTrad!B516) -> 2340 à 2370 | B82: =IF(EXACT('Page Titre'!LANGUE_FR_ENG,"Fr"),MatchTrad!A517,MatchTrad!B517) -> Prêts à des entreprises non financières à échéance résiduelle de moins d'un an, dont : | C82: =IF(EXACT('Page Titre'!LANGUE_FR_ENG,"Fr"),MatchTrad!A518,MatchTrad!B518) -> Les prêts à des entreprises non financières à échéance résiduelle de moins d'un an. Les prêts improductifs ne devraient pas être inclus dans cette catégorie, mais plutôt être déclarés à l'identifiant 2780. Les prêts productifs à des entreprises non financières dont l'échéance résiduelle est inférieure à un an et qui sont assortis d'une pondération des risques supérieure à 35 % selon l'approche standard de Bâle II pour le risque de crédit devraient être déclarés dans cette catégorie et non aux identifiants 2580 à 2610. Sont considérés comme productifs les prêts qui ne sont pas impayés depuis plus de 90 jours. Inversement, sont considérés comme improductifs les prêts qui sont impayés depuis plus de 90 jours. | D82: =IF(EXACT('Page Titre'!LANGUE_FR_ENG,"Fr"),MatchTrad!A519,MatchTrad!B519) -> 31, 40 e), 43 a)
A83: =IF(EXACT('Page Titre'!LANGUE_FR_ENG,"Fr"),MatchTrad!A520,MatchTrad!B520) -> 2380 à 2410 | B83: =IF(EXACT('Page Titre'!LANGUE_FR_ENG,"Fr"),MatchTrad!A521,MatchTrad!B521) -> Prêts à des banques centrales à échéance résiduelle de moins d'un an, dont : | C83: =IF(EXACT('Page Titre'!LANGUE_FR_ENG,"Fr"),MatchTrad!A522,MatchTrad!B522) -> Les prêts accordés à des banques centrales dont l'échéance résiduelle est inférieure à un an et qui ne répondent pas aux exigences locales en matière de réserves. Les soldes (y compris les placements à terme) admissibles aux fins de ces exigences devraient être considérés comme des « réserves totales détenues auprès de la banque centrale » et déclarés à l'identifiant 2010, même s'ils excèdent le niveau de réserves exigé. Les prêts improductifs ne devraient pas être inclus dans cette catégorie, mais devraient plutôt être déclarés à l'identifiant 2780. Les prêts productifs accordés à des banques centrales dont l'échéance résiduelle est inférieure à un an et qui sont assortis d'une pondération des risques supérieure à 35 %, selon l'approche standard de Bâle II pour le risque de crédit, devraient être déclarés dans cette catégorie et non aux identifiants 2580 à 2610. Sont considérés comme productifs les prêts qui ne sont pas impayés depuis plus de 90 jours. Inversement, sont considérés comme improductifs les prêts qui sont impayés depuis plus de 90 jours. Conformément aux paragraphes 36 c) et d), toutes les créances sur les banques centrales dont la durée résiduelle est inférieure à six mois se voient appliquer un coefficient RSF de 0 %. En ce qui concerne les soldes déclarés dans cette ligne dont la durée résiduelle est inférieure à six mois, prendre note que le terme « créances » est plus large que celui de « prêts ». Dans le paragraphe 36 c), les créances comprennent aussi les titres émis par les banques centrales et le compte d'actif créé au bilan des institutions financières dans le cadre des opérations de prise en pension réalisées avec les banques centrales. | D83: =IF(EXACT('Page Titre'!LANGUE_FR_ENG,"Fr"),MatchTrad!A523,MatchTrad!B523) -> 31, 36 c), 40 c), 43 a)
A84: =IF(EXACT('Page Titre'!LANGUE_FR_ENG,"Fr"),MatchTrad!A524,MatchTrad!B524) -> 2420 à 2450 | B84: =IF(EXACT('Page Titre'!LANGUE_FR_ENG,"Fr"),MatchTrad!A525,MatchTrad!B525) -> Prêts à des États, à des OP, à des BMD et à des BND, à échéance résiduelle de moins d'un an, dont : | C84: =IF(EXACT('Page Titre'!LANGUE_FR_ENG,"Fr"),MatchTrad!A526,MatchTrad!B526) -> Les prêts accordés à des entités souveraines, à des organismes publics (OP) et à des banques multilatérales de développement (BMD) dont l'échéance résiduelle est inférieure à un an. Les prêts accordés à la Banque des règlements internationaux, au Fonds monétaire international et à la Commission européenne devraient être déclarés dans cette catégorie. Les prêts improductifs ne devraient pas être inclus dans cette catégorie, mais plutôt être déclarés à l'identifiant 2780. Les prêts productifs à des entités souveraines, à des OP et à des BMD dont l'échéance résiduelle est inférieure à un an et la pondération des risques est supérieure à 35 %, selon l'approche standard de Bâle II pour le risque de crédit, devraient être déclarés dans cette catégorie et non aux identifiants 2580 à 2610. Sont considérés comme productifs les prêts qui ne sont pas impayés depuis plus de 90 jours. Inversement, sont considérés comme improductifs les prêts qui sont impayés depuis plus de 90 jours. | D84: =IF(EXACT('Page Titre'!LANGUE_FR_ENG,"Fr"),MatchTrad!A527,MatchTrad!B527) -> 31, 40 e), 41, 43 a)
A85: =IF(EXACT('Page Titre'!LANGUE_FR_ENG,"Fr"),MatchTrad!A528,MatchTrad!B528) -> 2460 à 2490 | B85: =IF(EXACT('Page Titre'!LANGUE_FR_ENG,"Fr"),MatchTrad!A529,MatchTrad!B529) -> Prêts hypothécaires résidentiels, de toute échéance, qui seraient admissibles à la pondération des risques de 35 % ou moins en vertu de l’approche standard du risque de crédit de Bâle II, dont : | C85: =IF(EXACT('Page Titre'!LANGUE_FR_ENG,"Fr"),MatchTrad!A530,MatchTrad!B530) -> Les prêts hypothécaires résidentiels, quelle qu'en soit l'échéance, qui seraient admissibles à une pondération maximale des risques de 35 % selon l'approche standard de Bâle II pour le risque de crédit. Seules les pondérations en vertu de l’approche standard de Bâle II peuvent être utilisées pour déterminer le traitement du NSFR. Les prêts hypothécaires inversés qui seraient admissibles à la pondération des risques de 35 % ou moins en vertu de l’approche standard du risque de crédit de Bâle II doivent être inclus dans la colonne des prêts sans échéance. Le solde impayé de la marge de crédit adossée à un bien immobilier (MCBI) qui serait admissible à la pondération des risques de 35 % ou moins en vertu de l’approche standard du risque de crédit de Bâle II doit être inclus dans la colonne des prêts sans échéance. En vertu du paragraphe 29 de la norme NSFR, « il convient de supposer que l’option d’allongement de la durée est exercée par les investisseurs ». Il y a donc lieu d'inclure les soldes des prêts à taux variable sans échéance finale stipulée lorsque l'emprunteur peut rembourser le prêt intégralement sans pénalité à la prochaine date de révision du taux comme si celui-ci avait une échéance résiduelle effective de plus d'un an. Seuls les coefficients de pondération des risques de l’approche standard de Bâle II peuvent être utilisés pour déterminer le traitement NSFR. Les prêts hypothécaires résidentiels improductifs ne devraient pas être déclarés dans cette catégorie, mais plutôt à l'identifiant 2780. Sont considérés comme productifs les prêts qui ne sont pas impayés depuis plus de 90 jours. Inversement, sont considérés comme improductifs les prêts qui sont impayés depuis plus de 90 jours. | D85: =IF(EXACT('Page Titre'!LANGUE_FR_ENG,"Fr"),MatchTrad!A531,MatchTrad!B531) -> 31, 40 e), 41 a), 43 a)
A86: =IF(EXACT('Page Titre'!LANGUE_FR_ENG,"Fr"),MatchTrad!A532,MatchTrad!B532) -> 2500 à 2530 | B86: =IF(EXACT('Page Titre'!LANGUE_FR_ENG,"Fr"),MatchTrad!A533,MatchTrad!B533) -> Autres prêts, sauf à des institutions financières, à échéance résiduelle d’un an ou plus, qui seraient admissibles à la pondération des risques de 35 % ou moins en vertu de l’approche standard du risque de crédit de Bâle II, dont : | C86: =IF(EXACT('Page Titre'!LANGUE_FR_ENG,"Fr"),MatchTrad!A534,MatchTrad!B534) -> Inclure les soldes de tous les autres prêts, à l’exception des prêts aux institutions financières, dont l’échéance résiduelle est d’au moins un an et qui seraient admissibles à une pondération des risques inférieure ou égale à 35 % selon l’approche standard de Bâle II pour le risque de crédit. En vertu du paragraphe 29 de la norme NSFR, « il convient de supposer que l’option d’allongement de la durée est exercée par les investisseurs ». Il y a donc lieu d'inclure les soldes des prêts à taux variable sans échéance finale stipulée lorsque l'emprunteur peut rembourser le prêt intégralement sans pénalité à la prochaine date de révision du taux comme si celui-ci avait une échéance résiduelle effective supérieure à un an. Seuls les coefficients de pondération des risques de l’approche standard de Bâle II peuvent être utilisés pour déterminer le traitement NSFR. Les prêts improductifs ne devraient pas être déclarés dans cette catégorie, mais plutôt à l'identifiant 2780. Sont considérés comme productifs les prêts qui ne sont pas impayés depuis plus de 90 jours. Inversement, sont considérés comme improductifs les prêts qui sont impayés depuis plus de 90 jours. | D86: =IF(EXACT('Page Titre'!LANGUE_FR_ENG,"Fr"),MatchTrad!A535,MatchTrad!B535) -> 31, 41 b), 43 a)
A87: =IF(EXACT('Page Titre'!LANGUE_FR_ENG,"Fr"),MatchTrad!A536,MatchTrad!B536) -> 2540 à 2570 | B87: =IF(EXACT('Page Titre'!LANGUE_FR_ENG,"Fr"),MatchTrad!A537,MatchTrad!B537) -> Prêts aux particuliers ou aux petites entreprises (à l'exception des prêts hypothécaires résidentiels susmentionnés), à échéance résiduelle de moins d'un an, dont : | C87: =IF(EXACT('Page Titre'!LANGUE_FR_ENG,"Fr"),MatchTrad!A538,MatchTrad!B538) -> Les prêts à la clientèle de détail (les personnes physiques, par exemple) et de PME (définis dans la norme LCR comme les prêts à « la clientèle de particuliers et de petites entreprises ») dont l'échéance résiduelle est inférieure à un an. Les prêts improductifs ne devraient pas être déclarés dans cette catégorie, mais plutôt à l'identifiant 2780. Les prêts productifs à la clientèle de détail et de PME dont l'échéance résiduelle est inférieure à un an et qui sont assortis d'une pondération des risques supérieure à 35 %, selon l'approche standard de Bâle II pour le risque de crédit, devraient aussi être déclarés dans cette catégorie et non aux identifiants 2580 à 2610. Sont considérés comme productifs les prêts qui ne sont pas impayés depuis plus de 90 jours. Inversement, sont considérés comme improductifs les prêts qui sont impayés depuis plus de 90 jours. | D87: =IF(EXACT('Page Titre'!LANGUE_FR_ENG,"Fr"),MatchTrad!A539,MatchTrad!B539) -> 31, 40 e), 43 a)
A88: =IF(EXACT('Page Titre'!LANGUE_FR_ENG,"Fr"),MatchTrad!A540,MatchTrad!B540) -> 2580 à 2610 | B88: =IF(EXACT('Page Titre'!LANGUE_FR_ENG,"Fr"),MatchTrad!A541,MatchTrad!B541) -> Prêts productifs (à l'exception des prêts à des institutions financières et des prêts déclarés aux catégories susmentionnées), assortis de facteurs de pondération supérieurs à 35 % en vertu de l’approche standard du risque de crédit de Bâle II, dont : | C88: =IF(EXACT('Page Titre'!LANGUE_FR_ENG,"Fr"),MatchTrad!A542,MatchTrad!B542) -> Les prêts productifs, non visés par l'une des catégories ci-dessus, assortis d'une pondération des risques supérieure à 35 % selon l'approche standard de Bâle II pour le risque de crédit, à l'exception des prêts aux institutions financières. En vertu du paragraphe 29 de la norme NSFR, « il convient de supposer que l’option d’allongement de la durée est exercée par les investisseurs ». Il y a donc lieu d'inclure les soldes des prêts à taux variable sans échéance finale stipulée lorsque l'emprunteur peut rembourser le prêt intégralement sans pénalité à la prochaine date de révision du taux comme si celui-ci avait une échéance résiduelle effective supérieure à un an. Seuls les coefficients de pondération des risques de l’approche standard de Bâle II peuvent être utilisés pour déterminer le traitement NSFR. Les prêts improductifs ne devraient pas être déclarés dans cette catégorie, mais plutôt à l'identifiant 2780. Sont considérés comme productifs les prêts qui ne sont pas impayés depuis plus de 90 jours. Inversement, sont considérés comme improductifs les prêts qui sont impayés depuis plus de 90 jours. | D88: =IF(EXACT('Page Titre'!LANGUE_FR_ENG,"Fr"),MatchTrad!A543,MatchTrad!B543) -> 31, 40 e), 42 b), 43 a)
A89: =IF(EXACT('Page Titre'!LANGUE_FR_ENG,"Fr"),MatchTrad!A544,MatchTrad!B544) -> 2620 à 2650 | B89: =IF(EXACT('Page Titre'!LANGUE_FR_ENG,"Fr"),MatchTrad!A545,MatchTrad!B545) -> Actions non ALHQ négociées en bourse, dont : | C89: =IF(EXACT('Page Titre'!LANGUE_FR_ENG,"Fr"),MatchTrad!A546,MatchTrad!B546) -> Les actions négociées sur un marché organisé qui ne remplissent pas les critères des actifs de niveau 2B. Elles englobent les titres à revenu fixe négociés sur un marché organisé ainsi que les titres à revenu non fixe négociés sur un marché organisé qui ne remplissent pas tous les critères prévus au paragraphe 54 c) de la norme LCR. Les montants relatifs aux actions non ALHQ négociées sur un marché organisé qui sont déduits des fonds propres ne devraient pas être déclarés ici, mais plutôt dans la colonne "Sans terme" de l'identifiant 2930. | D89: =IF(EXACT('Page Titre'!LANGUE_FR_ENG,"Fr"),MatchTrad!A547,MatchTrad!B547) -> 31, 42 c), 43 a)
A90: =IF(EXACT('Page Titre'!LANGUE_FR_ENG,"Fr"),MatchTrad!A548,MatchTrad!B548) -> 2660 à 2690 | B90: =IF(EXACT('Page Titre'!LANGUE_FR_ENG,"Fr"),MatchTrad!A549,MatchTrad!B549) -> Titres non ALHQ qui ne sont pas en défaut, dont : | C90: =IF(EXACT('Page Titre'!LANGUE_FR_ENG,"Fr"),MatchTrad!A550,MatchTrad!B550) -> Les titres qui ne sont pas admissibles en tant qu'ALHQ, définis dans la norme LCR comme « HQLA », autres que les actions non ALHQ négociées sur un marché organisé, lesquelles devraient être déclarées aux identifiants 2620 à 2650, et qui ne sont pas en défaut. Les titres en défaut ne devraient pas être déclarés dans cette catégorie, mais plutôt à l'identifiant 2780. | D90: =IF(EXACT('Page Titre'!LANGUE_FR_ENG,"Fr"),MatchTrad!A551,MatchTrad!B551) -> 31, 40 e), 42 c), 43 a)
A91: =IF(EXACT('Page Titre'!LANGUE_FR_ENG,"Fr"),MatchTrad!A552,MatchTrad!B552) -> 2700 à 2730 | B91: =IF(EXACT('Page Titre'!LANGUE_FR_ENG,"Fr"),MatchTrad!A553,MatchTrad!B553) -> Biens physiques échangés, y compris l'or, dont : | C91: =IF(EXACT('Page Titre'!LANGUE_FR_ENG,"Fr"),MatchTrad!A554,MatchTrad!B554) -> Le solde total des produits de base physiques, y compris l'or, devrait être déclaré dans la colonne "Sans-terme". | D91: =IF(EXACT('Page Titre'!LANGUE_FR_ENG,"Fr"),MatchTrad!A555,MatchTrad!B555) -> 31, 42 d), 43 a)
A92: =IF(EXACT('Page Titre'!LANGUE_FR_ENG,"Fr"),MatchTrad!A556,MatchTrad!B556) -> 2740 à 2770 | B92: =IF(EXACT('Page Titre'!LANGUE_FR_ENG,"Fr"),MatchTrad!A557,MatchTrad!B557) -> Autres instruments et transactions à court terme non garantis, à échéance résiduelle de moins d'un an, dont : | C92: =IF(EXACT('Page Titre'!LANGUE_FR_ENG,"Fr"),MatchTrad!A558,MatchTrad!B558) -> Les institutions devraient déclarer les soldes d'autres instruments à court terme non garantis dont l'échéance résiduelle est inférieure à un an. Ces instruments comprennent notamment les billets et les obligations à court terme de gouvernements et de sociétés, le papier commercial, les certificats de dépôt négociables, les acceptations bancaires, et les fonds de placement du marché monétaire. Les institutions ne devraient pas déclarer sur cette ligne les réserves détenues auprès de banques centrales, les actifs de niveau 1, de niveau 2A et de niveau 2B, les placements interbancaires non garantis et les autres placements sur le marché monétaire (p. ex., les fonds fédéraux ou devises en euro vendus) ou les instruments en défaut. Ils sont déclarés ailleurs dans le modèle. | D92: =IF(EXACT('Page Titre'!LANGUE_FR_ENG,"Fr"),MatchTrad!A559,MatchTrad!B559) -> 31, 40 e), 43 a)
A93: =NSFR!C194 -> 2780 | B93: =IF(EXACT('Page Titre'!LANGUE_FR_ENG,"Fr"),MatchTrad!A560,MatchTrad!B560) -> Titres en défaut et prêts improductifs | C93: =IF(EXACT('Page Titre'!LANGUE_FR_ENG,"Fr"),MatchTrad!A561,MatchTrad!B561) -> Tous les titres en défaut et les prêts improductifs devraient être déclarés sur cette ligne et non dans l'une des catégories ci-dessus. Sont considérés comme productifs les prêts qui ne sont pas impayés depuis plus de 90 jours. Inversement, sont considérés comme improductifs les prêts qui sont impayés depuis plus de 90 jours. | D93: =IF(EXACT('Page Titre'!LANGUE_FR_ENG,"Fr"),MatchTrad!A562,MatchTrad!B562) -> 43 c )
A94: =NSFR!C196 -> 2790 | B94: =IF(EXACT('Page Titre'!LANGUE_FR_ENG,"Fr"),MatchTrad!A563,MatchTrad!B563) -> Actifs dérivés | C94: =IF(EXACT('Page Titre'!LANGUE_FR_ENG,"Fr"),MatchTrad!A564,MatchTrad!B564) -> Déclarer les dérivés à l'actif sur la base du coût de remplacement des contrats dérivés (obtenu par une évaluation au prix du marché) lorsque le contrat a une valeur positive. Lorsqu'il existe un contrat de compensation bilatérale admissible qui remplit les conditions énoncées dans l'Annexe 1-II de la LDCID, le coût de remplacement des expositions sur dérivés couvertes par le contrat sera le coût de remplacement net. La valeur déclarée ici devrait être brute de la marge de variation reçue. Autrement dit, elle devrait représenter les dérivés à l'actif avant déduction de la marge de variation reçue. Les opérations sur dérivés avec les banques centrales découlant de la politique monétaire à court terme et des opérations de liquidité de ces dernières peuvent être exclues du calcul du NSFR de l'institution déclarante et peuvent compenser les gains et pertes en capital non réalisés liés à ces opérations sur dérivés du ASF. Ces opérations comprennent les dérivés sur devises, comme les swaps de devises, et devraient avoir une échéance de moins de six mois à l’origine. | D94: =IF(EXACT('Page Titre'!LANGUE_FR_ENG,"Fr"),MatchTrad!A565,MatchTrad!B565) -> 36 d)
A95: =IF(EXACT('Page Titre'!LANGUE_FR_ENG,"Fr"),MatchTrad!A566,MatchTrad!B566) -> 2800 à 2820 | B95: =IF(EXACT('Page Titre'!LANGUE_FR_ENG,"Fr"),MatchTrad!A567,MatchTrad!B567) -> Marge de variation reçue, dont : | C95: =IF(EXACT('Page Titre'!LANGUE_FR_ENG,"Fr"),MatchTrad!A568,MatchTrad!B568) -> Les sûretés reçues sous forme de marge de variation dans le cadre de contrats dérivés.
A96: =NSFR!C198 -> 2800 | B96: =IF(EXACT('Page Titre'!LANGUE_FR_ENG,"Fr"),MatchTrad!A569,MatchTrad!B569) -> Marge de variation en espèces reçue, en conformité avec les conditions précisées au paragraphe 35 du chapitre 6 de la LDSL | C96: =IF(EXACT('Page Titre'!LANGUE_FR_ENG,"Fr"),MatchTrad!A570,MatchTrad!B570) -> Les sûretés reçues sous forme de marge de variation en espèces dans le cadre de contrats dérivés qui remplissent les conditions énoncées au paragraphe 35 du chapitre 6 de la LDSL. Prendre note que l'existence de seuils minimaux au titre des montants de transfert pour l'échange de sûretés dans les contrats dérivés n'empêche pas automatiquement ces contrats d'être considérés comme remplissant la condition énoncée au paragraphe 35 de la norme NSFR, qui permet la compensation de sûretés reçues (plus particulièrement au sujet du calcul quotidien et de l'échange de marges de variation). | D96: 35
A97: =NSFR!C199 -> 2810 | B97: =IF(EXACT('Page Titre'!LANGUE_FR_ENG,"Fr"),MatchTrad!A571,MatchTrad!B571) -> Marge de variation en ALHQ de niveau 1 reçue, en conformité avec les conditions précisées au paragraphe 35 du chapitre 6 de la LDSL | C97: =IF(EXACT('Page Titre'!LANGUE_FR_ENG,"Fr"),MatchTrad!A572,MatchTrad!B572) -> La sûreté reçue sous forme de marge de variation en ALHQ de niveau 1 dans le cadre de contrats dérivés qui remplissent les conditions énoncées au paragraphe 35 du chapitre 6 de la LDSL. Prendre note que l'existence de seuils minimaux au titre des montants de transfert pour l'échange de sûretés dans les contrats dérivés n'empêche pas automatiquement ces contrats d'être considérés comme remplissant la condition énoncée au paragraphe 35 de la norme NSFR, qui permet la compensation de sûretés reçues (plus particulièrement au sujet du calcul quotidien et de l'échange de marges de variation). | D97: 35
A98: =NSFR!C200 -> 2820 | B98: =IF(EXACT('Page Titre'!LANGUE_FR_ENG,"Fr"),MatchTrad!A573,MatchTrad!B573) -> Autre marge de variation reçue | C98: =IF(EXACT('Page Titre'!LANGUE_FR_ENG,"Fr"),MatchTrad!A574,MatchTrad!B574) -> Les autres sûretés reçues sous forme de marge de variation dans le cadre de contrats dérivés qui ne sont pas déclarées aux identifiants 2800 à 2810 ci-dessus. | D98: 34.35
A99: =NSFR!C201 -> 2830 | B99: =IF(EXACT('Page Titre'!LANGUE_FR_ENG,"Fr"),MatchTrad!A575,MatchTrad!B575) -> Actifs dérivés NSFR (moins les sûretés en espèces et en AHLQ de niveau 1 reçues à titre de marge de variation sur les actifs dérivés) | C99: =IF(EXACT('Page Titre'!LANGUE_FR_ENG,"Fr"),MatchTrad!A576,MatchTrad!B576) -> Champ sans saisie. Pour le calcul des dérivés à l'actif aux fins du NSFR, les sûretés reçues dans le cadre de contrats dérivés ne peuvent compenser le coût de remplacement positif, que la compensation soit ou non autorisée par le référentiel comptable ou le dispositif fondé sur les risques, sauf si elles sont reçues sous forme de marge de variation en espèces ou d’ALHQ de niveau 1 et remplissent les conditions énoncées dans l'Annexe 1-II de la LDCID et dans les exigences de publicité ou dans toute foire aux questions portant sur ce sujet. Prendre note que l'existence de seuils minimaux au titre des montants de transfert pour l'échange de sûretés dans les contrats dérivés n'empêche pas automatiquement ces contrats d'être considérés comme remplissant la condition énoncée au paragraphe 35 de la norme NSFR, qui permet la compensation de sûretés reçues (plus particulièrement au sujet du calcul quotidien et de l'échange de marges de variation). | D99: 34, 35
A100: =NSFR!C202 -> 2840 | B100: =IF(EXACT('Page Titre'!LANGUE_FR_ENG,"Fr"),MatchTrad!A577,MatchTrad!B577) -> Financement stable requis associé aux passifs dérivés | C100: =IF(EXACT('Page Titre'!LANGUE_FR_ENG,"Fr"),MatchTrad!A578,MatchTrad!B578) -> Champ sans saisie. Conformément au paragraphe 43 d), la valeur ici équivaut à 5 % des dérivés au passif (c.-à-d. le coût de remplacement négatif ou le coût de remplacement négatif net, selon le cas) avant déduction de la marge de variation fournie. | D100: =IF(EXACT('Page Titre'!LANGUE_FR_ENG,"Fr"),MatchTrad!A579,MatchTrad!B579) -> 43 d)
...

Sheet Sans objet 1

Sheet Sans objet 2

Sheet MatchTrad
A1: Français | B1: Anglais | C1: Emplacement utilisé | D1: Validation français | E1: Validation anglais
A2: Divulgation | B2: Reporting | C2: ='Page Titre'!A35 -> Divulgation | D2: =A2=C2 -> TRUE | E2: =B2=C2 -> FALSE
A3: Ratio structurel de liquidité à long terme (NSFR) | B3: Net Stable Funding Ratio (NSFR) | C3: ='Page Titre'!A39 -> Ratio structurel de liquidité à long terme (NSFR) | D3: =A3=C3 -> TRUE | E3: =B3=C3 -> FALSE
A4: Exigences NSFR | B4: NSFR Requirements | C4: =NSFR!A2 -> Exigences NSFR | D4: =A4=C4 -> TRUE | E4: =B4=C4 -> FALSE
A5: (Miliers de dollars canadiens) | B5: (In thousands of Canadian dollars) | C5: =NSFR!A3 -> (Miliers de dollars canadiens) | D5: =A5=C5 -> TRUE | E5: =B5=C5 -> FALSE
A6: Date de divulgation (aaaa-mm-jj) | B6: Reporting date (yyyy-mm-dd) | C6: =NSFR!B4 -> Date de divulgation (aaaa-mm-jj) | D6: =A6=C6 -> TRUE | E6: =B6=C6 -> FALSE
A7: Légende | B7: Legend | C7: =NSFR!M4 -> Légende | D7: =A7=C7 -> TRUE | E7: =B7=C7 -> FALSE
A8: Vide | B8: Blank | C8: =NSFR!M5 -> Vide | D8: =A8=C8 -> TRUE | E8: =B8=C8 -> FALSE
A9: Formule | B9: Formula | C9: =NSFR!N5 -> Formule | D9: =A9=C9 -> TRUE | E9: =B9=C9 -> FALSE
A10: Saisie | B10: Entry field | C10: =NSFR!O5 -> Saisie | D10: =A10=C10 -> TRUE | E10: =B10=C10 -> FALSE
A11: Résultat calculé | B11: Result | C11: =NSFR!P5 -> Résultat calculé | D11: =A11=C11 -> TRUE | E11: =B11=C11 -> FALSE
A12: Section 1 - Financement stable disponible (ASF) | B12: Section 1 - Available stable funding (ASF) | C12: =NSFR!A7 -> Section 1 - Financement stable disponible (ASF) | D12: =A12=C12 -> TRUE | E12: =B12=C12 -> FALSE
A13: 1.1 Financement stable disponible (ASF) | B13: 1.1 Available stable funding (ASF) | C13: =NSFR!A8 -> 1.1 Financement stable disponible (ASF) | D13: =A13=C13 -> TRUE | E13: =B13=C13 -> FALSE
A14: Montant | B14: Amount | C14: =NSFR!D7 -> Montant | D14: =A14=C14 -> TRUE | E14: =B14=C14 -> FALSE
A15: Coefficient ASF | B15: ASF factor | C15: =NSFR!H7 -> Coefficient ASF | D15: =A15=C15 -> TRUE | E15: =B15=C15 -> FALSE
A16: ASF calculé | B16: Calculated ASF | C16: =NSFR!L7 -> ASF calculé | D16: =A16=C16 -> TRUE | E16: =B16=C16 -> FALSE
A17: Sans terme | B17: Non-maturity | C17: =NSFR!D8 -> Sans terme | D17: =A17=C17 -> TRUE | E17: =B17=C17 -> FALSE
A18: < 6 mois | B18: < 6 months | C18: =NSFR!E8 -> < 6 mois | D18: =A18=C18 -> TRUE | E18: =B18=C18 -> FALSE
A19: >= 6 mois et < 1 an | B19: >= 6 months and < 1 year | C19: =NSFR!F8 -> >= 6 mois et < 1 an | D19: =A19=C19 -> TRUE | E19: =B19=C19 -> FALSE
A20: >= 1 an | B20: >= 1 year | C20: =NSFR!G8 -> >= 1 an | D20: =A20=C20 -> TRUE | E20: =B20=C20 -> FALSE
A21: Sans terme | B21: Non-maturity | C21: =NSFR!D8 -> Sans terme | D21: =A21=C21 -> TRUE | E21: =B21=C21 -> FALSE
A22: < 6 mois | B22: < 6 months | C22: =NSFR!I8 -> < 6 mois | D22: =A22=C22 -> TRUE | E22: =B22=C22 -> FALSE
A23: >= 6 mois et < 1 an | B23: >= 6 months and < 1 year | C23: =NSFR!J8 -> >= 6 mois et < 1 an | D23: =A23=C23 -> TRUE | E23: =B23=C23 -> FALSE
A24: >= 1 an | B24: >= 1 year | C24: =NSFR!K8 -> >= 1 an | D24: =A24=C24 -> TRUE | E24: =B24=C24 -> FALSE
A25: Sans terme | B25: Non-maturity | C25: =NSFR!D8 -> Sans terme | D25: =A25=C25 -> TRUE | E25: =B25=C25 -> FALSE
A26: < 6 mois | B26: < 6 months | C26: =NSFR!M8 -> < 6 mois | D26: =A26=C26 -> TRUE | E26: =B26=C26 -> FALSE
A27: ≥ 6 mois et < 1 an | B27: ≥ 6 months and < 1 year | C27: =NSFR!N8 -> ≥ 6 mois et < 1 an | D27: =A27=C27 -> TRUE | E27: =B27=C27 -> FALSE
A28: >= 1 an | B28: >= 1 year | C28: =NSFR!O8 -> >= 1 an | D28: =A28=C28 -> TRUE | E28: =B28=C28 -> FALSE
A29: Total ASF | B29: Total ASF | C29: =NSFR!P8 -> Total ASF | D29: =A29=C29 -> TRUE | E29: =B29=C29 -> TRUE
A30: Fonds propres de catégorie 1 et de catégorie 2 (Bâle III 2022), avant l'application de déductions de fonds propres, à l'exception du pourcentage d'instruments de catégorie 2 à échéance résiduelle de moins d'un an | B30: Tier 1 and Tier 2 capital (Basel III 2022), before the application of capital deductions and excluding the proportion of Tier 2 instruments with residual maturity of less than one year | C30: =NSFR!B10 -> Fonds propres de catégorie 1 et de catégorie 2 (Bâle III 2022), avant l'application de déductions de fonds propres, à l'exception du pourcentage d'instruments de catégorie 2 à échéance résiduelle de moins d'un an | D30: =A30=C30 -> TRUE | E30: =B30=C30 -> FALSE
A31: Instruments de fonds propres non pris en compte ci-dessus, à échéance résiduelle réelle d'au moins un an | B31: Capital instruments not included above with an effective residual maturity of one year or more | C31: =NSFR!B11 -> Instruments de fonds propres non pris en compte ci-dessus, à échéance résiduelle réelle d'au moins un an | D31: =A31=C31 -> TRUE | E31: =B31=C31 -> FALSE
A32: Dépôts à vue et/ou à terme « stables » (définis dans le LCR) des particuliers et des petites entreprises | B32: "Stable" (as defined in the LCR) demand and/or term deposits from retail and small business customers | C32: =NSFR!B12 -> Dépôts à vue et/ou à terme « stables » (définis dans le LCR) des particuliers et des petites entreprises | D32: =A32=C32 -> TRUE | E32: =B32=C32 -> FALSE
A33: Dépôts à vue et/ou à terme « moins stables » (définis dans le LCR) des particuliers et des petites entreprises, dont : | B33: "Less stable" (as defined in the LCR) demand and/or term deposits from retail and small business customers; of which: | C33: =NSFR!B13 -> Dépôts à vue et/ou à terme « moins stables » (définis dans le LCR) des particuliers et des petites entreprises, dont : | D33: =A33=C33 -> TRUE | E33: =B33=C33 -> FALSE
A34: Assurés – sans relation durable et compte qui n’est pas un compte transactionnel | B34: Insured - no established relationship, account not transactional | C34: =NSFR!B14 -> Assurés – sans relation durable et compte qui n’est pas un compte transactionnel | D34: =A34=C34 -> TRUE | E34: =B34=C34 -> FALSE
A35: Assurés – dépôts provenant de fonds et de fiducies contrôlés par le client de détail | B35: Insured - deposits received from funds or trusts controlled by retail customer | C35: =NSFR!B15 -> Assurés – dépôts provenant de fonds et de fiducies contrôlés par le client de détail | D35: =A35=C35 -> TRUE | E35: =B35=C35 -> FALSE
A36: Dépôts provenant du pays d’attache mais libellés en devises | B36: Deposits sourced in home jurisdiction but denominated in foreign currency | C36: =NSFR!B16 -> Dépôts provenant du pays d’attache mais libellés en devises | D36: =A36=C36 -> TRUE | E36: =B36=C36 -> FALSE
A37: Dépôts non assurés | B37: Uninsured deposits | C37: =NSFR!B17 -> Dépôts non assurés | D37: =A37=C37 -> TRUE | E37: =B37=C37 -> FALSE
A38: Dépôts sensibles aux taux d'intérêt directement gérés par le client – relation durable ou dépôt dans un compte transactionnel | B38: Rate sensitive deposits directly managed by the client - established relationship or deposit in a transactional account | C38: =NSFR!B18 -> Dépôts sensibles aux taux d'intérêt directement gérés par le client – relation durable ou dépôt dans un compte transactionnel | D38: =A38=C38 -> TRUE | E38: =B38=C38 -> FALSE
A39: Dépôts sensibles aux taux d'intérêt directement gérés par le client – sans relation durable et dépôt dans un compte autre que transactionnel | B39: Rate sensitive deposits directly managed by the client - no established relationship and not in a transactional account | C39: =NSFR!B19 -> Dépôts sensibles aux taux d'intérêt directement gérés par le client – sans relation durable et dépôt dans un compte autre que transactionnel | D39: =A39=C39 -> TRUE | E39: =B39=C39 -> FALSE
A40: Dépôts à terme gérés par un tiers non affilié venant à échéance ou encaissables dans les 30 prochains jours | B40: Term deposits managed by an unaffiliated third-party - cashable or maturing in the next 30 days | C40: =NSFR!B20 -> Dépôts à terme gérés par un tiers non affilié venant à échéance ou encaissables dans les 30 prochains jours | D40: =A40=C40 -> TRUE | E40: =B40=C40 -> FALSE
A41: Dépôts à vue gérés par un tiers non affilié | B41: Demand deposits managed by unaffiliated third-party | C41: =NSFR!B21 -> Dépôts à vue gérés par un tiers non affilié | D41: =A41=C41 -> TRUE | E41: =B41=C41 -> FALSE
... A86: Toutes les autres catégories de passifs et d'avoirs propres non prises en compte ci-dessus | B86: All other liabilities and equity categories not included above | C86: =NSFR!B66 -> Toutes les autres catégories de passifs et d'avoirs propres non prises en compte ci-dessus | D86: =A86=C86 -> TRUE | E86: =B86=C86 -> FALSE
A87: Total ASF | B87: Total ASF | C87: =NSFR!P8 -> Total ASF | D87: =A87=C87 -> TRUE | E87: =B87=C87 -> TRUE
A88: Autres ASF | B88: Other ASF | C88: =NSFR!B68 -> Autres ASF | D88: =A88=C88 -> TRUE | E88: =B88=C88 -> FALSE
A89: Montant | B89: Amount | C89: =NSFR!D68 -> Montant | D89: =A89=C89 -> TRUE | E89: =B89=C89 -> FALSE
A90: Coefficient ASF | B90: ASF factor | C90: =NSFR!H68 -> Coefficient ASF | D90: =A90=C90 -> TRUE | E90: =B90=C90 -> FALSE
A91: ASF calculé | B91: Calculated ASF | C91: =NSFR!L68 -> ASF calculé | D91: =A91=C91 -> TRUE | E91: =B91=C91 -> FALSE
A92: Sans terme | B92: Non-maturity | C92: =NSFR!D69 -> Sans terme | D92: =A92=C92 -> TRUE | E92: =B92=C92 -> FALSE
A93: < 6 mois | B93: < 6 months | C93: =NSFR!E69 -> < 6 mois | D93: =A93=C93 -> TRUE | E93: =B93=C93 -> FALSE
A94: >= 6 mois et < 1 an | B94: >= 6 months and < 1 year | C94: =NSFR!F69 -> >= 6 mois et < 1 an | D94: =A94=C94 -> TRUE | E94: =B94=C94 -> FALSE
A95: >= 1 an | B95: >= 1 year | C95: =NSFR!G69 -> >= 1 an | D95: =A95=C95 -> TRUE | E95: =B95=C95 -> FALSE
A96: Sans terme | B96: Non-maturity | C96: =NSFR!H69 -> Sans terme | D96: =A96=C96 -> TRUE | E96: =B96=C96 -> FALSE
A97: < 6 mois | B97: < 6 months | C97: =NSFR!I69 -> < 6 mois | D97: =A97=C97 -> TRUE | E97: =B97=C97 -> FALSE
A98: >= 6 mois et < 1 an | B98: >= 6 months and < 1 year | C98: =NSFR!J69 -> >= 6 mois et < 1 an | D98: =A98=C98 -> TRUE | E98: =B98=C98 -> FALSE
A99: >= 1 an | B99: >= 1 year | C99: =NSFR!K69 -> >= 1 an | D99: =A99=C99 -> TRUE | E99: =B99=C99 -> FALSE
A100: Sans terme | B100: Non-maturity | C100: =NSFR!L69 -> Sans terme | D100: =A100=C100 -> TRUE | E100: =B100=C100 -> FALSE
A101: < 6 mois | B101: < 6 months | C101: =NSFR!M69 -> < 6 mois | D101: =A101=C101 -> TRUE | E101: =B101=C101 -> FALSE
A102: >= 6 mois et < 1 an | B102: >= 6 months and < 1 year | C102: =NSFR!N69 -> >= 6 mois et < 1 an | D102: =A102=C102 -> TRUE | E102: =B102=C102 -> FALSE
A103: >= 1 an | B103: >= 1 year | C103: =NSFR!O69 -> >= 1 an | D103: =A103=C103 -> TRUE | E103: =B103=C103 -> FALSE
A104: Total ASF | B104: Total ASF | C104: =NSFR!P69 -> Total ASF | D104: =A104=C104 -> TRUE | E104: =B104=C104 -> TRUE
A105: Dépôts stables issus de partenariats | B105: Stable partnership deposits | C105: =NSFR!B70 -> Dépôts stables issus de partenariats | D105: =A105=C105 -> TRUE | E105: =B105=C105 -> FALSE
A106: Billets structurés de détail non négociables en bourse | B106: Retail structured notes - not exchange-tradeable | C106: =NSFR!B71 -> Billets structurés de détail non négociables en bourse | D106: =A106=C106 -> TRUE | E106: =B106=C106 -> FALSE
A107: Dépôts provenant d'intermédiaires financiers non bancaires assortis de caractéristiques de détail sous-jacentes | B107: Non-bank financial intermediaries deposits with underlying retail characteristics | C107: =NSFR!B72 -> Dépôts provenant d'intermédiaires financiers non bancaires assortis de caractéristiques de détail sous-jacentes | D107: =A107=C107 -> TRUE | E107: =B107=C107 -> FALSE
A108: Section 2 - Financement stable requis (RSF) | B108: Section 2 - Required stable funding (RSF) | C108: =NSFR!A76 -> Section 2 - Financement stable requis (RSF) | D108: =A108=C108 -> TRUE | E108: =B108=C108 -> FALSE
A109: 2.1 Postes au bilan | B109: 2.1 On balance-sheet items | C109: =NSFR!A77 -> 2.1 Postes au bilan | D109: =A109=C109 -> TRUE | E109: =B109=C109 -> FALSE
A110: Montant | B110: Amount | C110: =NSFR!D76 -> Montant | D110: =A110=C110 -> TRUE | E110: =B110=C110 -> FALSE
A111: Coefficient RSF | B111: RSF factor | C111: =NSFR!H76 -> Coefficient RSF | D111: =A111=C111 -> TRUE | E111: =B111=C111 -> FALSE
A112: RSF calculé | B112: Calculated RSF | C112: =NSFR!L76 -> RSF calculé | D112: =A112=C112 -> TRUE | E112: =B112=C112 -> FALSE
A113: Sans terme | B113: Non-maturity | C113: =NSFR!D8 -> Sans terme | D113: =A113=C113 -> TRUE | E113: =B113=C113 -> FALSE
A114: < 6 mois | B114: < 6 months | C114: =NSFR!E77 -> < 6 mois | D114: =A114=C114 -> TRUE | E114: =B114=C114 -> FALSE
A115: ≥ 6 mois et < 1 an | B115: ≥ 6 months and < 1 year | C115: =NSFR!F77 -> ≥ 6 mois et < 1 an | D115: =A115=C115 -> TRUE | E115: =B115=C115 -> FALSE
A116: ≥ 1 an | B116: ≥ 1 year | C116: =NSFR!G77 -> ≥ 1 an | D116: =A116=C116 -> TRUE | E116: =B116=C116 -> FALSE
A117: Sans terme | B117: Non-maturity | C117: =NSFR!D8 -> Sans terme | D117: =A117=C117 -> TRUE | E117: =B117=C117 -> FALSE
A118: < 6 mois | B118: < 6 months | C118: =NSFR!I77 -> < 6 mois | D118: =A118=C118 -> TRUE | E118: =B118=C118 -> FALSE
A119: ≥ 6 mois et < 1 an | B119: ≥ 6 months and < 1 year | C119: =NSFR!J77 -> ≥ 6 mois et < 1 an | D119: =A119=C119 -> TRUE | E119: =B119=C119 -> FALSE
A120: ≥ 1 an | B120: ≥ 1 year | C120: =NSFR!K77 -> ≥ 1 an | D120: =A120=C120 -> TRUE | E120: =B120=C120 -> FALSE
A121: Sans terme | B121: Non-maturity | C121: =NSFR!D8 -> Sans terme | D121: =A121=C121 -> TRUE | E121: =B121=C121 -> FALSE
A122: < 6 mois | B122: < 6 months | C122: =NSFR!M77 -> < 6 mois | D122: =A122=C122 -> TRUE | E122: =B122=C122 -> FALSE
A123: ≥ 6 mois et < 1 an | B123: ≥ 6 months and < 1 year | C123: =NSFR!N77 -> ≥ 6 mois et < 1 an | D123: =A123=C123 -> TRUE | E123: =B123=C123 -> FALSE
A124: ≥ 1 an | B124: ≥ 1 year | C124: =NSFR!O77 -> ≥ 1 an | D124: =A124=C124 -> TRUE | E124: =B124=C124 -> FALSE
A125: Total RSF | B125: Total RSF | C125: =NSFR!P77 -> Total RSF | D125: =A125=C125 -> TRUE | E125: =B125=C125 -> TRUE
A126: Pièces et billets de banque | B126: Coins and bank notes | C126: =NSFR!B78 -> Pièces et billets de banque | D126: =A126=C126 -> TRUE | E126: =B126=C126 -> FALSE
A127: Réserves totales détenues auprès de la banque centrale | B127: Total central bank reserves | C127: =NSFR!B79 -> Réserves totales détenues auprès de la banque centrale | D127: =A127=C127 -> TRUE | E127: =B127=C127 -> FALSE
A128: Réserves requises auprès de la banque centrale | B128: Required central bank reserves | C128: =NSFR!B80 -> Réserves requises auprès de la banque centrale | D128: =A128=C128 -> TRUE | E128: =B128=C128 -> FALSE
A129: Actifs des OFT admissibles au traitement de « portefeuille équilibré » | B129: SFT assets that are eligible for the "matched book" treatment | C129: =NSFR!B81 -> Actifs des OFT admissibles au traitement de « portefeuille équilibré » | D129: =A129=C129 -> TRUE | E129: =B129=C129 -> FALSE
A130: Non grevés | B130: Unencumbered | C130: =NSFR!B82 -> Non grevés | D130: =A130=C130 -> TRUE | E130: =B130=C130 -> FALSE
A131: Grevés | B131: Encumbered | C131: =NSFR!B83 -> Grevés | D131: =A131=C131 -> TRUE | E131: =B131=C131 -> FALSE
A132: Dépôts détenus par d'autres coopératives membres d'une même coopérative à l'intérieur d'une fédération | B132: Deposits held by other cooperatives that are members of the same cooperative within a federation | C132: =NSFR!B84 -> Dépôts détenus par d'autres coopératives membres d'une même coopérative à l'intérieur d'une fédération | D132: =A132=C132 -> TRUE | E132: =B132=C132 -> FALSE
A133: Prêts à des institutions financières, dont : | B133: Loans to financial institutions, of which: | C133: =NSFR!B85 -> Prêts à des institutions financières, dont : | D133: =A133=C133 -> TRUE | E133: =B133=C133 -> FALSE
A134: Prêts à des institutions financières garantis par des sûretés de niveau 1, lorsque l'institution peut librement réutiliser la sûreté reçue pour la durée des prêts, dont : | B134: Loans to financial institutions secured by Level 1 collateral and where the bank has the ability to freely rehypothecate the received collateral for the life of the loan: of which: | C134: =NSFR!B86 -> Prêts à des institutions financières garantis par des sûretés de niveau 1, lorsque l'institution peut librement réutiliser la sûreté reçue pour la durée des prêts, dont : | D134: =A134=C134 -> TRUE | E134: =B134=C134 -> FALSE
A135: Non grevés | B135: Unencumbered | C135: =NSFR!B87 -> Non grevés | D135: =A135=C135 -> TRUE | E135: =B135=C135 -> FALSE
A136: Grevés, dont : | B136: Encumbered: of which: | C136: =NSFR!B88 -> Grevés, dont : | D136: =A136=C136 -> TRUE | E136: =B136=C136 -> FALSE
A137: Échéance résiduelle des actifs grevés < 6 mois | B137: Remaining period of encumbrance < 6 months | C137: =NSFR!B89 -> Échéance résiduelle des actifs grevés < 6 mois | D137: =A137=C137 -> TRUE | E137: =B137=C137 -> FALSE
... A149: Échéance résiduelle des actifs grevés < 6 mois | B149: Remaining period of encumbrance < 6 months | C149: =NSFR!B101 -> Échéance résiduelle des actifs grevés < 6 mois | D149: =A149=C149 -> TRUE | E149: =B149=C149 -> FALSE
A150: Échéance résiduelle des actifs grevés ≥ 6 mois à < 1 an | B150: Remaining period of encumbrance ≥ 6 months to < 1 year | C150: =NSFR!B96 -> Échéance résiduelle des actifs grevés ≥ 6 mois à < 1 an | D150: =A150=C150 -> TRUE | E150: =B150=C150 -> FALSE
A151: Échéance résiduelle des actifs grevés ≥ 1 an | B151: Remaining period of encumbrance ≥ 1 year | C151: =NSFR!B97 -> Échéance résiduelle des actifs grevés ≥ 1 an | D151: =A151=C151 -> TRUE | E151: =B151=C151 -> FALSE
A152: Titres admissibles à titre d'ALHQ de niveau 1 pour le LCR, dont : | B152: Securities eligible as Level 1 HQLA for the LCR, of which: | C152: =NSFR!B104 -> Titres admissibles à titre d'ALHQ de niveau 1 pour le LCR, dont : | D152: =A152=C152 -> TRUE | E152: =B152=C152 -> FALSE
A153: Non grevés | B153: Unencumbered | C153: =NSFR!B105 -> Non grevés | D153: =A153=C153 -> TRUE | E153: =B153=C153 -> FALSE
A154: Grevés, dont : | B154: Encumbered: of which: | C154: =NSFR!B106 -> Grevés, dont : | D154: =A154=C154 -> TRUE | E154: =B154=C154 -> FALSE
A155: Échéance résiduelle des actifs grevés < 6 mois | B155: Remaining period of encumbrance < 6 months | C155: =NSFR!B107 -> Échéance résiduelle des actifs grevés < 6 mois | D155: =A155=C155 -> TRUE | E155: =B155=C155 -> FALSE
...
